Workbook

Sheet PROJECT SUMMARY
A3: PROJECT COST SUMMARY
A5: PROJECT | C5: Hogan Residence
A6: PROJECT MANAGER | L6: LOWER LEVEL | M6: 2072
A7: LOCATION | C7: 811 N 143rd Plaza, Omaha, NE 68154 | L7: MAIN LEVEL | M7: 2867
A8: DATE | C8: July 2026 | L8: TOTAL FINISHED SF | M8: =SUM(M6:M7) -> 4939
A9: LOT # | C9: 21 | L9: GARAGE | M9: 756
A10: ZONING | L10: LOWER UNFINISHED | M10: =761+806 -> 1567
L11: COVERED PATIO | M11: 380
L12: TOTAL SF UNDER ROOF | M12: =SUM(M8:M11) -> 7642
A14: PHASE | C14: DESCRIPTION | E14: ALLOW. | F14: LABOR | G14: MATERIAL | H14: OTHER | I14: SUBCONT. | K14: DIVISION | L14: FINISHED COST/SF | M14: UNDER ROOF | N14: Deposit | O14: Lot | P14: Pay App #1 | Q14: Pay App #2 | R14: Pay App #3 | S14: Pay App #4 | T14: Pay App #5 | U14: Pay App #6 | V14: Pay App #7 | W14: Pay App #8 | X14: Pay App #9 | Y14: Pay App #10 | Z14: Pay App #11 | AA14: Pay App #12 | AB14: Pay App #13 | AC14: Pay App #14 | AD14: Pay App #15 | AE14: Pay App #16 | AF14: Pay App #17
A15: 1 | C15: GENERAL REQUIREMENTS | I15: TOTAL | K15: =SUM(K16:K32) -> 159593 | L15: =IFERROR(K15/M$8,"$0") -> 32.312816 | M15: =IFERROR(K15/M$12,"$0") -> 20.883669 | AG15: =SUM(P15:AF15) -> 0
A16: 01.120 | C16: Superintendent | E16: 0 | F16: 70125 | G16: 0 | H16: 0 | I16: 0 | K16: =SUM(E16:I16) -> 70125 | L16: =IFERROR(K16/M$8,"$0") -> 14.198218 | M16: =IFERROR(K16/M$12,"$0") -> 9.1762628 | P16: 1500 | Q16: 1500 | R16: 1500 | AG16: =SUM(P16:AF16) -> 4500
A17: 01.170 | C17: Travel/Pickup/Deliveries | E17: 0 | F17: 0 | G17: 0 | H17: 3000 | I17: 0 | K17: =SUM(E17:I17) -> 3000 | L17: =IFERROR(K17/M$8,"$0") -> 0.60741041 | M17: =IFERROR(K17/M$12,"$0") -> 0.39256739 | AG17: =SUM(P17:AF17) -> 0
A18: 01.205 | C18: MUD Fees | E18: 0 | F18: 0 | G18: 0 | H18: 4350 | I18: 0 | K18: =SUM(E18:I18) -> 4350 | L18: =IFERROR(K18/M$8,"$0") -> 0.88074509 | M18: =IFERROR(K18/M$12,"$0") -> 0.56922272 | AG18: =SUM(P18:AF18) -> 0
A19: 01.214 | C19: Bldg. Permit | E19: 0 | F19: 0 | G19: 0 | H19: 6822 | I19: 0 | K19: =SUM(E19:I19) -> 6822 | L19: =IFERROR(K19/M$8,"$0") -> 1.3812513 | M19: =IFERROR(K19/M$12,"$0") -> 0.89269825 | P19: 6822 | AG19: =SUM(P19:AF19) -> 6822
A20: 01.230 | C20: Builders Risk | E20: 0 | F20: 0 | G20: 0 | H20: 3096 | I20: 0 | K20: =SUM(E20:I20) -> 3096 | L20: =IFERROR(K20/M$8,"$0") -> 0.62684754 | M20: =IFERROR(K20/M$12,"$0") -> 0.40512955 | AG20: =SUM(P20:AF20) -> 0
A21: 01.235 | C21: General Liability | E21: 0 | F21: 0 | G21: 0 | H21: 5956 | I21: 0 | K21: =SUM(E21:I21) -> 5956 | L21: =IFERROR(K21/M$8,"$0") -> 1.2059121 | M21: =IFERROR(K21/M$12,"$0") -> 0.77937713 | AG21: =SUM(P21:AF21) -> 0
A22: 01.452 | C22: Testing/Inspections | E22: 0 | F22: 0 | G22: 0 | H22: 0 | I22: 0 | K22: =SUM(E22:I22) -> 0 | L22: =IFERROR(K22/M$8,"$0") -> 0 | M22: =IFERROR(K22/M$12,"$0") -> 0 | AG22: =SUM(P22:AF22) -> 0
A23: 01.454 | C23: Mockups | E23: 0 | F23: 1500 | G23: 750 | H23: 0 | I23: 0 | K23: =SUM(E23:I23) -> 2250 | L23: =IFERROR(K23/M$8,"$0") -> 0.45555781 | M23: =IFERROR(K23/M$12,"$0") -> 0.29442554 | AG23: =SUM(P23:AF23) -> 0
A24: 01.501 | C24: Temporary Utilities | E24: 0 | F24: 0 | G24: 0 | H24: 2719 | I24: 5250 | K24: =SUM(E24:I24) -> 7969 | L24: =IFERROR(K24/M$8,"$0") -> 1.6134845 | M24: =IFERROR(K24/M$12,"$0") -> 1.0427898 | AG24: =SUM(P24:AF24) -> 0
A25: 01.538 | C25: Technology | E25: 0 | F25: 0 | G25: 0 | H25: 1200 | I25: 0 | K25: =SUM(E25:I25) -> 1200 | L25: =IFERROR(K25/M$8,"$0") -> 0.24296416 | M25: =IFERROR(K25/M$12,"$0") -> 0.15702696 | AG25: =SUM(P25:AF25) -> 0
A26: 01.540 | C26: Equipment (Forklift/Skid Loader) | E26: 0 | F26: 0 | G26: 0 | H26: 1750 | I26: 0 | K26: =SUM(E26:I26) -> 1750 | L26: =IFERROR(K26/M$8,"$0") -> 0.35432274 | M26: =IFERROR(K26/M$12,"$0") -> 0.22899764 | AG26: =SUM(P26:AF26) -> 0
A27: 01.560 | C27: Temporary Barriers/Enclosures/Protection | E27: 0 | F27: 2400 | G27: 750 | H27: 0 | I27: 0 | K27: =SUM(E27:I27) -> 3150 | L27: =IFERROR(K27/M$8,"$0") -> 0.63778093 | M27: =IFERROR(K27/M$12,"$0") -> 0.41219576 | AG27: =SUM(P27:AF27) -> 0
A28: 01.578 | C28: Site Maintenance (Snow Removal/Mowing) | E28: 0 | F28: 900 | G28: 0 | H28: 0 | I28: 0 | K28: =SUM(E28:I28) -> 900 | L28: =IFERROR(K28/M$8,"$0") -> 0.18222312 | M28: =IFERROR(K28/M$12,"$0") -> 0.11777022 | AG28: =SUM(P28:AF28) -> 0
A29: 01.740 | C29: Cleaning & Waste Management (Dumpsters) | E29: 0 | F29: 13200 | G29: 0 | H29: 8250 | I29: 4800 | K29: =SUM(E29:I29) -> 26250 | L29: =IFERROR(K29/M$8,"$0") -> 5.3148411 | M29: =IFERROR(K29/M$12,"$0") -> 3.4349647 | AG29: =SUM(P29:AF29) -> 0
A30: 01.810 | C30: Warranties | E30: 0 | F30: 0 | G30: 0 | H30: 15600 | I30: 0 | K30: =SUM(E30:I30) -> 15600 | L30: =IFERROR(K30/M$8,"$0") -> 3.1585341 | M30: =IFERROR(K30/M$12,"$0") -> 2.0413504 | AG30: =SUM(P30:AF30) -> 0
A31: 01.830 | C31: Small Tools/Supply/Rentals | E31: 0 | F31: 0 | G31: 0 | H31: 2175 | I31: 0 | K31: =SUM(E31:I31) -> 2175 | L31: =IFERROR(K31/M$8,"$0") -> 0.44037255 | M31: =IFERROR(K31/M$12,"$0") -> 0.28461136 | AG31: =SUM(P31:AF31) -> 0
A32: 01.840 | C32: Punchlist | E32: 0 | F32: 5000 | G32: 0 | H32: 0 | I32: 0 | K32: =SUM(E32:I32) -> 5000 | L32: =IFERROR(K32/M$8,"$0") -> 1.0123507 | M32: =IFERROR(K32/M$12,"$0") -> 0.65427898 | AG32: =SUM(P32:AF32) -> 0
A33: 2 | C33: EXISTING CONDITIONS | I33: TOTAL | K33: =SUM(K34) -> 0 | L33: =IFERROR(K33/M$8,"$0") -> 0 | M33: =IFERROR(K33/M$12,"$0") -> 0 | AG33: =SUM(P33:AF33) -> 0
A34: 02.010 | C34: Demolition | E34: 0 | F34: 0 | G34: 0 | H34: 0 | I34: 0 | K34: =SUM(E34:I34) -> 0 | L34: =IFERROR(K34/M$8,"$0") -> 0 | M34: =IFERROR(K34/M$12,"$0") -> 0 | AG34: =SUM(P34:AF34) -> 0
A35: 3 | C35: CONCRETE | I35: TOTAL | K35: =SUM(K36:K37) -> 120023 | L35: =IFERROR(K35/M$8,"$0") -> 24.301073 | M35: =IFERROR(K35/M$12,"$0") -> 15.705705 | AG35: =SUM(P35:AF35) -> 0
A36: 03.300 | C36: Footings / Foundations | E36: 0 | F36: 0 | G36: 0 | H36: 450 | I36: 92051 | K36: =SUM(E36:I36) -> 92501 | L36: =IFERROR(K36/M$8,"$0") -> 18.72869 | M36: =IFERROR(K36/M$12,"$0") -> 12.104292 | P36: 92051 | AG36: =SUM(P36:AF36) -> 92051
A37: 03.320 | C37: Interior Concrete Flatwork | E37: 0 | F37: 0 | G37: 0 | H37: 0 | I37: 27522 | K37: =SUM(E37:I37) -> 27522 | L37: =IFERROR(K37/M$8,"$0") -> 5.5723831 | M37: =IFERROR(K37/M$12,"$0") -> 3.6014132 | Q37: 16513 | R37: 11009 | AG37: =SUM(P37:AF37) -> 27522
A38: 4 | C38: MASONRY | I38: TOTAL | K38: =SUM(K39:K41) -> 134740 | L38: =IFERROR(K38/M$8,"$0") -> 27.280826 | M38: =IFERROR(K38/M$12,"$0") -> 17.63151 | AG38: =SUM(P38:AF38) -> 0
A39: 04.210 | C39: Brick Masonry | E39: 0 | F39: 0 | G39: 31622 | H39: 0 | I39: 19565 | K39: =SUM(E39:I39) -> 51187 | L39: =IFERROR(K39/M$8,"$0") -> 10.363839 | M39: =IFERROR(K39/M$12,"$0") -> 6.6981157 | AG39: =SUM(P39:AF39) -> 0
A40: 04.220 | C40: Concrete Unit Masonry (Blockwork) | E40: 0 | F40: 0 | G40: 1150 | H40: 0 | I40: 1350 | K40: =SUM(E40:I40) -> 2500 | L40: =IFERROR(K40/M$8,"$0") -> 0.50617534 | M40: =IFERROR(K40/M$12,"$0") -> 0.32713949 | P40: 950 | AG40: =SUM(P40:AF40) -> 950
A41: 04.430 | C41: Stone Masonry / Precast Sills & Caps | E41: 0 | F41: 0 | G41: 25118 | H41: 17440 | I41: 38495 | K41: =SUM(E41:I41) -> 81053 | L41: =IFERROR(K41/M$8,"$0") -> 16.410812 | M41: =IFERROR(K41/M$12,"$0") -> 10.606255 | AG41: =SUM(P41:AF41) -> 0
A42: 5 | C42: METAL | I42: TOTAL | K42: =SUM(K43:K46) -> 20019 | L42: =IFERROR(K42/M$8,"$0") -> 4.0532496 | M42: =IFERROR(K42/M$12,"$0") -> 2.6196022 | AG42: =SUM(P42:AF42) -> 0
A43: 05.120 | C43: Structural Steel Material | E43: 0 | F43: 0 | G43: 0 | H43: 0 | I43: 14069 | K43: =SUM(E43:I43) -> 14069 | L43: =IFERROR(K43/M$8,"$0") -> 2.8485523 | M43: =IFERROR(K43/M$12,"$0") -> 1.8410102 | R43: 14069 | AG43: =SUM(P43:AF43) -> 14069
A44: 05.528 | C44: Metal Interior Railing | E44: 0 | F44: 0 | G44: 0 | H44: 0 | I44: 5250 | K44: =SUM(E44:I44) -> 5250 | L44: =IFERROR(K44/M$8,"$0") -> 1.0629682 | M44: =IFERROR(K44/M$12,"$0") -> 0.68699293 | AG44: =SUM(P44:AF44) -> 0
A45: 05.530 | C45: Exterior Railing | E45: 0 | F45: 0 | G45: 0 | H45: 0 | I45: 700 | K45: =SUM(E45:I45) -> 700 | L45: =IFERROR(K45/M$8,"$0") -> 0.14172909 | M45: =IFERROR(K45/M$12,"$0") -> 0.091599058 | AG45: =SUM(P45:AF45) -> 0
A46: 05.700 | C46: Decorative Metal | E46: 0 | F46: 0 | G46: 0 | H46: 0 | I46: 0 | K46: =SUM(E46:I46) -> 0 | L46: =IFERROR(K46/M$8,"$0") -> 0 | M46: =IFERROR(K46/M$12,"$0") -> 0 | AG46: =SUM(P46:AF46) -> 0
A47: 6 | C47: CARPENTRY | I47: TOTAL | K47: =SUM(K48:K52) -> 548781 | L47: =IFERROR(K47/M$8,"$0") -> 111.11176 | M47: =IFERROR(K47/M$12,"$0") -> 71.811175 | AG47: =SUM(P47:AF47) -> 0
A48: 06.110 | C48: Wood Framing | E48: 0 | F48: 4250 | G48: 90086 | H48: 0 | I48: 90008 | K48: =SUM(E48:I48) -> 184344 | L48: =IFERROR(K48/M$8,"$0") -> 37.324155 | M48: =IFERROR(K48/M$12,"$0") -> 24.122481 | R48: 46086 | AG48: =SUM(P48:AF48) -> 46086
A49: 06.380 | C49: Cabinetry Allowance | E49: 214500 | F49: 500 | G49: 2800 | H49: 0 | I49: 0 | K49: =SUM(E49:I49) -> 217800 | L49: =IFERROR(K49/M$8,"$0") -> 44.097996 | M49: =IFERROR(K49/M$12,"$0") -> 28.500393 | AG49: =SUM(P49:AF49) -> 0
A50: 06.442 | C50: Exterior Brackets/Timbers | E50: 0 | F50: 0 | G50: 0 | H50: 0 | I50: 0 | K50: =SUM(E50:I50) -> 0 | L50: =IFERROR(K50/M$8,"$0") -> 0 | M50: =IFERROR(K50/M$12,"$0") -> 0 | AG50: =SUM(P50:AF50) -> 0
A51: 06.460 | C51: Wood Interior Trim / Stair Parts / Garage Step | E51: 0 | F51: 0 | G51: 30687 | H51: 0 | I51: 65000 | K51: =SUM(E51:I51) -> 95687 | L51: =IFERROR(K51/M$8,"$0") -> 19.37376 | M51: =IFERROR(K51/M$12,"$0") -> 12.521199 | AG51: =SUM(P51:AF51) -> 0
A52: 06.612 | C52: Countertop Allowance | E52: 50950 | F52: 0 | G52: 0 | H52: 0 | I52: 0 | K52: =SUM(E52:I52) -> 50950 | L52: =IFERROR(K52/M$8,"$0") -> 10.315853 | M52: =IFERROR(K52/M$12,"$0") -> 6.6671029 | AG52: =SUM(P52:AF52) -> 0
A53: 7 | C53: MOISTURE/THERMAL PROT. | I53: TOTAL | K53: =SUM(K54:K62) -> 153965 | L53: =IFERROR(K53/M$8,"$0") -> 31.173314 | M53: =IFERROR(K53/M$12,"$0") -> 20.147213 | AG53: =SUM(P53:AF53) -> 0
A54: 07.130 | C54: Waterproofing/Passive Radon/Termite Treatment | E54: 0 | F54: 0 | G54: 0 | H54: 850 | I54: 10420 | K54: =SUM(E54:I54) -> 11270 | L54: =IFERROR(K54/M$8,"$0") -> 2.2818384 | M54: =IFERROR(K54/M$12,"$0") -> 1.4747448 | P54: 5210 | Q54: 5210 | AG54: =SUM(P54:AF54) -> 10420
A55: 07.210 | C55: Insulation | E55: 0 | F55: 0 | G55: 0 | H55: 0 | I55: 21370 | K55: =SUM(E55:I55) -> 21370 | L55: =IFERROR(K55/M$8,"$0") -> 4.3267868 | M55: =IFERROR(K55/M$12,"$0") -> 2.7963884 | AG55: =SUM(P55:AF55) -> 0
A56: 07.250 | C56: Stucco/EIFS System | E56: 0 | F56: 0 | G56: 0 | H56: 0 | I56: 4800 | K56: =SUM(E56:I56) -> 4800 | L56: =IFERROR(K56/M$8,"$0") -> 0.97185665 | M56: =IFERROR(K56/M$12,"$0") -> 0.62810783 | AG56: =SUM(P56:AF56) -> 0
A57: 07.300 | C57: Roofing | E57: 0 | F57: 0 | G57: 0 | H57: 0 | I57: 83700 | K57: =SUM(E57:I57) -> 83700 | L57: =IFERROR(K57/M$8,"$0") -> 16.94675 | M57: =IFERROR(K57/M$12,"$0") -> 10.95263 | AG57: =SUM(P57:AF57) -> 0
A58: 07.455 | C58: Siding | E58: 0 | F58: 0 | G58: 5225 | H58: 200 | I58: 4450 | K58: =SUM(E58:I58) -> 9875 | L58: =IFERROR(K58/M$8,"$0") -> 1.9993926 | M58: =IFERROR(K58/M$12,"$0") -> 1.292201 | AG58: =SUM(P58:AF58) -> 0
A59: 07.469 | C59: Exterior Carsiding | E59: 0 | F59: 0 | G59: 5250 | H59: 0 | I59: 3300 | K59: =SUM(E59:I59) -> 8550 | L59: =IFERROR(K59/M$8,"$0") -> 1.7311197 | M59: =IFERROR(K59/M$12,"$0") -> 1.1188171 | AG59: =SUM(P59:AF59) -> 0
A60: 07.600 | C60: Flashing/Brick Ledge | E60: 0 | F60: 0 | G60: 0 | H60: 0 | I60: 2050 | K60: =SUM(E60:I60) -> 2050 | L60: =IFERROR(K60/M$8,"$0") -> 0.41506378 | M60: =IFERROR(K60/M$12,"$0") -> 0.26825438 | AG60: =SUM(P60:AF60) -> 0
A61: 07.630 | C61: Gutters/Downspouts | E61: 0 | F61: 0 | G61: 0 | H61: 0 | I61: 6600 | K61: =SUM(E61:I61) -> 6600 | L61: =IFERROR(K61/M$8,"$0") -> 1.3363029 | M61: =IFERROR(K61/M$12,"$0") -> 0.86364826 | AG61: =SUM(P61:AF61) -> 0
A62: 07.920 | C62: Joint Sealants | E62: 0 | F62: 0 | G62: 0 | H62: 0 | I62: 5750 | K62: =SUM(E62:I62) -> 5750 | L62: =IFERROR(K62/M$8,"$0") -> 1.1642033 | M62: =IFERROR(K62/M$12,"$0") -> 0.75242083 | AG62: =SUM(P62:AF62) -> 0
A63: 8 | C63: DOORS & WINDOWS | I63: TOTAL | K63: =SUM(K64:K69) -> 121369 | L63: =IFERROR(K63/M$8,"$0") -> 24.573598 | M63: =IFERROR(K63/M$12,"$0") -> 15.881837 | AG63: =SUM(P63:AF63) -> 0
A64: 08.140 | C64: Interior Wood Doors (Karona) | E64: 0 | F64: 0 | G64: 22700 | H64: 0 | I64: 0 | K64: =SUM(E64:I64) -> 22700 | L64: =IFERROR(K64/M$8,"$0") -> 4.5960721 | M64: =IFERROR(K64/M$12,"$0") -> 2.9704266 | AG64: =SUM(P64:AF64) -> 0
A65: 08.178 | C65: Front Door | E65: 19750 | F65: 900 | G65: 0 | H65: 0 | I65: 0 | K65: =SUM(E65:I65) -> 20650 | L65: =IFERROR(K65/M$8,"$0") -> 4.1810083 | M65: =IFERROR(K65/M$12,"$0") -> 2.7021722 | AG65: =SUM(P65:AF65) -> 0
A66: 08.385 | C66: Garage Doors | E66: 0 | F66: 0 | G66: 0 | H66: 0 | I66: 6750 | K66: =SUM(E66:I66) -> 6750 | L66: =IFERROR(K66/M$8,"$0") -> 1.3666734 | M66: =IFERROR(K66/M$12,"$0") -> 0.88327663 | AG66: =SUM(P66:AF66) -> 0
A67: 08.500 | C67: Windows (Pella Reserve) | E67: 0 | F67: 0 | G67: 0 | H67: 750 | I67: 51199 | K67: =SUM(E67:I67) -> 51949 | L67: =IFERROR(K67/M$8,"$0") -> 10.518121 | M67: =IFERROR(K67/M$12,"$0") -> 6.7978278 | AG67: =SUM(P67:AF67) -> 0
A68: 08.600 | C68: Roof Window/Skylights/Sun Tunnel | E68: 0 | F68: 800 | G68: 4500 | H68: 0 | I68: 0 | K68: =SUM(E68:I68) -> 5300 | L68: =IFERROR(K68/M$8,"$0") -> 1.0730917 | M68: =IFERROR(K68/M$12,"$0") -> 0.69353572 | AG68: =SUM(P68:AF68) -> 0
A69: 08.817 | C69: Mirrors/Glass Inserts/Shower Doors | E69: 14020 | F69: 0 | G69: 0 | H69: 0 | I69: 0 | K69: =SUM(E69:I69) -> 14020 | L69: =IFERROR(K69/M$8,"$0") -> 2.8386313 | M69: =IFERROR(K69/M$12,"$0") -> 1.8345983 | AG69: =SUM(P69:AF69) -> 0
A70: 9 | C70: FINISHES | I70: TOTAL | K70: =SUM(K71:K81) -> 265200.76 | L70: =IFERROR(K70/M$8,"$0") -> 53.695233 | M70: =IFERROR(K70/M$12,"$0") -> 34.703056 | AG70: =SUM(P70:AF70) -> 0
A71: 09.200 | C71: Drywall | E71: 0 | F71: 0 | G71: 0 | H71: 1200 | I71: 42613 | K71: =SUM(E71:I71) -> 43813 | L71: =IFERROR(K71/M$8,"$0") -> 8.8708241 | M71: =IFERROR(K71/M$12,"$0") -> 5.733185 | AG71: =SUM(P71:AF71) -> 0
A72: 09.300 | C72: Tile Allowance | AG72: =SUM(P72:AF72) -> 0
C73: Floor Tile | E73: ='DIV 9 FINISHES'!J23 -> 41605 | F73: 0 | G73: 0 | H73: 0 | I73: 0 | K73: =SUM(E73:I73) -> 41605 | L73: =IFERROR(K73/M$8,"$0") -> 8.42377 | M73: =IFERROR(K73/M$12,"$0") -> 5.4442554 | AG73: =SUM(P73:AF73) -> 0
C74: Backsplash & Wall Tile | E74: 6325 | F74: 0 | G74: 0 | H74: 0 | I74: 0 | K74: =SUM(E74:I74) -> 6325 | L74: =IFERROR(K74/M$8,"$0") -> 1.2806236 | M74: =IFERROR(K74/M$12,"$0") -> 0.82766292 | AG74: =SUM(P74:AF74) -> 0
C75: Shower/Tub Tile | E75: 27424 | F75: 0 | G75: 0 | H75: 0 | I75: 0 | K75: =SUM(E75:I75) -> 27424 | L75: =IFERROR(K75/M$8,"$0") -> 5.552541 | M75: =IFERROR(K75/M$12,"$0") -> 3.5885894 | AG75: =SUM(P75:AF75) -> 0
A76: 09.640 | C76: Wood/LVP/LVT Flooring Allowance | E76: 27378 | F76: 0 | G76: 0 | H76: 0 | I76: 0 | K76: =SUM(E76:I76) -> 27378 | L76: =IFERROR(K76/M$8,"$0") -> 5.5432274 | M76: =IFERROR(K76/M$12,"$0") -> 3.58257 | AG76: =SUM(P76:AF76) -> 0
A77: 09.657 | C77: Fitness Room Carpet Tile | E77: 5750 | F77: 0 | G77: 0 | H77: 0 | I77: 0 | K77: =SUM(E77:I77) -> 5750 | L77: =IFERROR(K77/M$8,"$0") -> 1.1642033 | M77: =IFERROR(K77/M$12,"$0") -> 0.75242083 | AG77: =SUM(P77:AF77) -> 0
A78: 09.672 | C78: Epoxy Flooring | E78: ='DIV 9 FINISHES'!I176 -> 6588.2575 | F78: 0 | G78: 0 | H78: 0 | I78: 0 | K78: =SUM(E78:I78) -> 6588.2575 | L78: =IFERROR(K78/M$8,"$0") -> 1.3339254 | M78: =IFERROR(K78/M$12,"$0") -> 0.86211169 | AG78: =SUM(P78:AF78) -> 0
A79: 09.680 | C79: Carpet Allowance | E79: ='DIV 9 FINISHES'!I190 -> 19744.5 | F79: 0 | G79: 0 | H79: 0 | I79: 0 | K79: =SUM(E79:I79) -> 19744.5 | L79: =IFERROR(K79/M$8,"$0") -> 3.9976716 | M79: =IFERROR(K79/M$12,"$0") -> 2.5836823 | AG79: =SUM(P79:AF79) -> 0
A80: 09.720 | C80: Wall Coverings/Faux Finishing | E80: by owner | F80: 0 | G80: 0 | H80: 0 | I80: 0 | K80: =SUM(E80:I80) -> 0 | L80: =IFERROR(K80/M$8,"$0") -> 0 | M80: =IFERROR(K80/M$12,"$0") -> 0 | AG80: =SUM(P80:AF80) -> 0
A81: 09.910 | C81: Painting | E81: 0 | F81: 0 | G81: 0 | H81: 0 | I81: 86573 | K81: =SUM(E81:I81) -> 86573 | L81: =IFERROR(K81/M$8,"$0") -> 17.528447 | M81: =IFERROR(K81/M$12,"$0") -> 11.328579 | AG81: =SUM(P81:AF81) -> 0
A82: 10 | C82: SPECIALTIES | I82: TOTAL | K82: =SUM(K83:K89) -> 100931 | L82: =IFERROR(K82/M$8,"$0") -> 20.435513 | M82: =IFERROR(K82/M$12,"$0") -> 13.207406 | AG82: =SUM(P82:AF82) -> 0
A83: 10.050 | C83: Finish Hardware Allowance | E83: 15172 | F83: 5200 | G83: 0 | H83: 0 | I83: 0 | K83: =SUM(E83:I83) -> 20372 | L83: =IFERROR(K83/M$8,"$0") -> 4.1247216 | M83: =IFERROR(K83/M$12,"$0") -> 2.6657943 | AG83: =SUM(P83:AF83) -> 0
A84: 10.140 | C84: Address Numbers | E84: 0 | F84: 0 | G84: 0 | H84: 0 | I84: 0 | K84: =SUM(E84:I84) -> 0 | L84: =IFERROR(K84/M$8,"$0") -> 0 | M84: =IFERROR(K84/M$12,"$0") -> 0 | AG84: =SUM(P84:AF84) -> 0
A85: 10.310 | C85: Fireplaces / Chimney Pot | E85: 0 | F85: 360 | G85: 5260 | H85: 750 | I85: 28770 | K85: =SUM(E85:I85) -> 35140 | L85: =IFERROR(K85/M$8,"$0") -> 7.1148006 | M85: =IFERROR(K85/M$12,"$0") -> 4.5982727 | AG85: =SUM(P85:AF85) -> 0
A86: 10.314 | C86: Fireplace Facings Allowance | E86: 12318 | F86: 0 | G86: 0 | H86: 0 | I86: 0 | K86: =SUM(E86:I86) -> 12318 | L86: =IFERROR(K86/M$8,"$0") -> 2.4940271 | M86: =IFERROR(K86/M$12,"$0") -> 1.6118817 | AG86: =SUM(P86:AF86) -> 0
A87: 10.552 | C87: Mailbox | E87: 850 | F87: 0 | G87: 0 | H87: 0 | I87: 0 | K87: =SUM(E87:I87) -> 850 | L87: =IFERROR(K87/M$8,"$0") -> 0.17209962 | M87: =IFERROR(K87/M$12,"$0") -> 0.11122743 | AG87: =SUM(P87:AF87) -> 0
A88: 10.562 | C88: Storage Shelving | E88: alternate | F88: 240 | G88: 300 | H88: 0 | I88: 0 | K88: =SUM(E88:I88) -> 540 | L88: =IFERROR(K88/M$8,"$0") -> 0.10933387 | M88: =IFERROR(K88/M$12,"$0") -> 0.07066213 | AG88: =SUM(P88:AF88) -> 0
A89: 10.572 | C89: Closet Systems Allowance | E89: 31711 | F89: 0 | G89: 0 | H89: 0 | I89: 0 | K89: =SUM(E89:I89) -> 31711 | L89: =IFERROR(K89/M$8,"$0") -> 6.4205305 | M89: =IFERROR(K89/M$12,"$0") -> 4.1495682 | AG89: =SUM(P89:AF89) -> 0
A90: 11 | C90: EQUIPMENT | I90: TOTAL | K90: =SUM(K91:K92) -> 84018 | L90: =IFERROR(K90/M$8,"$0") -> 17.011136 | M90: =IFERROR(K90/M$12,"$0") -> 10.994242 | AG90: =SUM(P90:AF90) -> 0
A91: 11.3 | C91: Appliance Allowance (Wolf package) | E91: 83518 | F91: 500 | G91: 0 | H91: 0 | I91: 0 | K91: =SUM(E91:I91) -> 84018 | L91: =IFERROR(K91/M$8,"$0") -> 17.011136 | M91: =IFERROR(K91/M$12,"$0") -> 10.994242 | AG91: =SUM(P91:AF91) -> 0
A92: 11.52 | C92: TV's Allowance | E92: alternate | F92: 0 | G92: 0 | H92: 0 | I92: 0 | K92: =SUM(E92:I92) -> 0 | L92: =IFERROR(K92/M$8,"$0") -> 0 | M92: =IFERROR(K92/M$12,"$0") -> 0 | AG92: =SUM(P92:AF92) -> 0
A93: 12 | C93: FURNISHINGS | I93: TOTAL | K93: =SUM(K94:K96) -> 0 | L93: =IFERROR(K93/M$8,"$0") -> 0 | M93: =IFERROR(K93/M$12,"$0") -> 0 | AG93: =SUM(P93:AF93) -> 0
A94: 12.170 | C94: Art Glass | E94: by owner | F94: 0 | G94: 0 | H94: 0 | I94: 0 | K94: =SUM(E94:I94) -> 0 | L94: =IFERROR(K94/M$8,"$0") -> 0 | M94: =IFERROR(K94/M$12,"$0") -> 0 | AG94: =SUM(P94:AF94) -> 0
A95: 12.200 | C95: Window Treatments | E95: by owner | F95: 0 | G95: 0 | H95: 0 | I95: 0 | K95: =SUM(E95:I95) -> 0 | L95: =IFERROR(K95/M$8,"$0") -> 0 | M95: =IFERROR(K95/M$12,"$0") -> 0 | AG95: =SUM(P95:AF95) -> 0
A96: 12.250 | C96: Motorized Shades | E96: by owner | F96: 0 | G96: 0 | H96: 0 | I96: 0 | K96: =SUM(E96:I96) -> 0 | L96: =IFERROR(K96/M$8,"$0") -> 0 | M96: =IFERROR(K96/M$12,"$0") -> 0 | AG96: =SUM(P96:AF96) -> 0
A97: 13 | C97: SPECIAL CONSTRUCTION | I97: TOTAL | K97: =SUM(K98:K98) -> 1200 | L97: =IFERROR(K97/M$8,"$0") -> 0.24296416 | M97: =IFERROR(K97/M$12,"$0") -> 0.15702696 | AG97: =SUM(P97:AF97) -> 0
A98: 13.342 | C98: Covered Patio Sunshade | E98: 1200 | F98: 0 | G98: 0 | H98: 0 | I98: 0 | K98: =SUM(E98:I98) -> 1200 | L98: =IFERROR(K98/M$8,"$0") -> 0.24296416 | M98: =IFERROR(K98/M$12,"$0") -> 0.15702696 | AG98: =SUM(P98:AF98) -> 0
A99: 14 | C99: CONVEYING SYSTEMS | I99: TOTAL | K99: =SUM(K100) -> 0 | L99: =IFERROR(K99/M$8,"$0") -> 0 | M99: =IFERROR(K99/M$12,"$0") -> 0 | AG99: =SUM(P99:AF99) -> 0
A100: 14.050 | C100: Elevator (rough-in only, future) | E100: 0 | F100: 0 | G100: 0 | H100: 0 | I100: 0 | K100: =SUM(E100:I100) -> 0 | L100: =IFERROR(K100/M$8,"$0") -> 0 | M100: =IFERROR(K100/M$12,"$0") -> 0 | AG100: =SUM(P100:AF100) -> 0
A101: 22-23 | C101: PLUMBING/HVAC SYSTEMS | I101: TOTAL | K101: =SUM(K102:K106) -> 167553 | L101: =IFERROR(K101/M$8,"$0") -> 33.924479 | M101: =IFERROR(K101/M$12,"$0") -> 21.925281 | AG101: =SUM(P101:AF101) -> 0
A102: 22.050 | C102: Plumbing (incl. garage drain) | E102: 0 | F102: 0 | G102: 0 | H102: 0 | I102: 62753 | K102: =SUM(E102:I102) -> 62753 | L102: =IFERROR(K102/M$8,"$0") -> 12.705608 | M102: =IFERROR(K102/M$12,"$0") -> 8.2115938 | Q102: 5000 | AG102: =SUM(P102:AF102) -> 5000
A103: 22.322 | C103: Water Filtration System Allowance | E103: 6100 | F103: 0 | G103: 0 | H103: 0 | I103: 0 | K103: =SUM(E103:I103) -> 6100 | L103: =IFERROR(K103/M$8,"$0") -> 1.2350678 | M103: =IFERROR(K103/M$12,"$0") -> 0.79822036 | AG103: =SUM(P103:AF103) -> 0
A104: 22.400 | C104: Plumbing Fixtures Allowance | E104: 33900 | F104: 0 | G104: 0 | H104: 0 | I104: 0 | K104: =SUM(E104:I104) -> 33900 | L104: =IFERROR(K104/M$8,"$0") -> 6.8637376 | M104: =IFERROR(K104/M$12,"$0") -> 4.4360115 | AG104: =SUM(P104:AF104) -> 0
...

Sheet Cash Flow Version 2
A1: Approximate Cashflow Projection
A2: Hogan Residence
A3: 46251 | J3: assumed total value
J4: 3425000
A5: MACKINTOSH | F5: HOGAN | I5: CROCKETT
A6: Bldg Months | C6: Payment | E6: % of Contract | F6: Bldg Months | G6: Payment | H6: % of Contract | I6: Bldg Months | J6: Payment | K6: % of Contract
B7: Deposit | C7: 110000 | F7: Deposit | G7: 190000 | I7: Deposit | J7: 200000
A8: 1 | B8: - | C8: 0 | E8: - | F8: 1 | G8: 0 | H8: - | I8: 1 | J8: 0
A9: 2 | B9: 45322 | C9: 234944 | E9: 0.1 | F9: 2 | G9: 276314 | H9: 0.1 | I9: 2 | J9: =J4*K9 -> 274000 | K9: 0.08
A10: 3 | B10: 45351 | C10: 94949 | E10: 0.04 | F10: 3 | G10: 110525 | H10: 0.04 | I10: 3 | J10: =J4*K10 -> 171250 | K10: 0.05
A11: 4 | B11: 45412 | C11: 166645 | E11: 0.07 | F11: 4 | G11: 193418 | H11: 0.07 | I11: 4 | J11: =J4*K11 -> 274000 | K11: 0.08
A12: 5 | B12: 45443 | C12: 142429 | E12: 0.06 | F12: 5 | G12: 165787 | H12: 0.06 | I12: 5 | J12: =J4*K12 -> 205500 | K12: 0.06
A13: 6 | B13: 45473 | C13: 67713 | E13: 0.03 | F13: 6 | G13: 110525 | H13: 0.04 | I13: 6 | J13: =J4*K13 -> 137000 | K13: 0.04
A14: 7 | B14: 45504 | C14: 140380 | E14: 0.06 | F14: 7 | G14: 165787 | H14: 0.06 | I14: 7 | J14: =J4*K14 -> 205500 | K14: 0.06
A15: 8 | B15: 45535 | C15: 163694 | E15: 0.07 | F15: 8 | G15: 193418 | H15: 0.07 | I15: 8 | J15: =J4*K15 -> 239750 | K15: 0.07
A16: 9 | B16: 45565 | C16: 213471 | E16: 0.09 | F16: 9 | G16: 193418 | H16: 0.07 | I16: 9 | J16: =J4*K16 -> 239750 | K16: 0.07
A17: 10 | B17: 45596 | C17: 165645 | E17: 0.07 | F17: 10 | G17: 193418 | H17: 0.07 | I17: 10 | J17: =J4*K17 -> 239750 | K17: 0.07
A18: 11 | B18: 11/31/2024 | C18: 0 | D18: 80392 | F18: 11 | G18: 110525 | H18: 0.04 | I18: 11 | J18: =J4*K18 -> 137000 | K18: 0.04
A19: 12 | B19: 45657 | C19: 160783 | D19: 80392 | E19: 0.07 | F19: 12 | G19: 110525 | H19: 0.04 | I19: 12 | J19: =J4*K19 -> 137000 | K19: 0.04
A20: 13 | B20: 45688 | C20: 122809 | E20: 0.05 | F20: 13 | G20: 138156 | H20: 0.05 | I20: 13 | J20: =J4*K20 -> 171250 | K20: 0.05
A21: 14 | B21: 45716 | C21: 0 | D21: 94794 | F21: 14 | G21: 110525 | H21: 0.04 | I21: 14 | J21: =J4*K21 -> 137000 | K21: 0.04
A22: 15 | B22: 45747 | C22: 189587 | D22: 94794 | E22: 0.08 | F22: 15 | G22: 110525 | H22: 0.04 | I22: 15 | J22: =J4*K22 -> 137000 | K22: 0.04
A23: 16 | B23: 4/31/2025 | C23: 0 | D23: 148965 | F23: 16 | G23: 193418 | H23: 0.07 | I23: 16 | J23: =J4*K23 -> 137000 | K23: 0.04
A24: 17 | B24: 45808 | C24: 0 | D24: 148965 | F24: 17 | G24: 193418 | H24: 0.07 | I24: 17 | J24: =J4*K24 -> 239750 | K24: 0.07
A25: 18 | B25: 46234 | C25: 446895 | D25: 148965 | E25: 0.2 | F25: 18 | G25: 193418 | H25: 0.07 | I25: 18 | J25: =J4*K25 -> 102750 | K25: 0.03
I26: 19 | J26: =J4*K26 -> 239750 | K26: 0.07
B27: less deposit | C27: -110000 | F27: less deposit | G27: -190000 | I27: less desposit | J27: -200000
B28: TOTAL SUM | C28: =SUM(C7:C27) -> 2309944 | F28: TOTAL SUM | G28: =SUM(G7:G27) -> 2763120 | I28: TOTAL SUM | J28: =SUM(J7:J27) -> 3425000

Sheet Cash Flow Version 2 Homeowner
A1: Approximate Cashflow Projection - Hogan | D1: Approximate Cashflow Projection - Crockett
A2: 46251 | D2: 46255
A4: August 2026 | B4: Lot Purchase | C4: 255000
D5: billings typically middle of month
A6: Home Construction | D6: Home Construction
A7: Month | B7: Invoice # | C7: Approx. Payment | D7: Month | E7: Invoice # | F7: Approx. Payment
A8: August 2026 | B8: Deposit | C8: 190000 | D8: September 2026 | E8: Deposit | F8: ='Cash Flow Version 2'!J7 -> 200000
A9: September 2026 | B9: 1 | C9: 0 | D9: October 2026 | E9: 1 | F9: 0
A10: October 2026 | B10: 2 | C10: 276314 | D10: November 2026 | E10: 2 | F10: ='Cash Flow Version 2'!J9 -> 274000
A11: November 2026 | B11: 3 | C11: 110525 | D11: December 2026 | E11: 3 | F11: ='Cash Flow Version 2'!J10 -> 171250
A12: December 2026 | B12: 4 | C12: 193418 | D12: January 2027 | E12: 4 | F12: ='Cash Flow Version 2'!J11 -> 274000
A13: January 2027 | B13: 5 | C13: 165787 | D13: February 2027 | E13: 5 | F13: ='Cash Flow Version 2'!J12 -> 205500
A14: February 2027 | B14: 6 | C14: 110525 | D14: March 2027 | E14: 6 | F14: ='Cash Flow Version 2'!J13 -> 137000
A15: March 2027 | B15: 7 | C15: 165787 | D15: April 2027 | E15: 7 | F15: ='Cash Flow Version 2'!J14 -> 205500
A16: April 2027 | B16: 8 | C16: 193418 | D16: May 2027 | E16: 8 | F16: ='Cash Flow Version 2'!J15 -> 239750
A17: May 2027 | B17: 9 | C17: 193418 | D17: June 2027 | E17: 9 | F17: ='Cash Flow Version 2'!J16 -> 239750
A18: June 2027 | B18: 10 | C18: 193418 | D18: July 2027 | E18: 10 | F18: ='Cash Flow Version 2'!J17 -> 239750
A19: July 2027 | B19: 11 | C19: 110525 | D19: August 2027 | E19: 11 | F19: ='Cash Flow Version 2'!J18 -> 137000
A20: August 2027 | B20: 12 | C20: 110525 | D20: September 2027 | E20: 12 | F20: ='Cash Flow Version 2'!J19 -> 137000
A21: September 2027 | B21: 13 | C21: 138156 | D21: October 2027 | E21: 13 | F21: ='Cash Flow Version 2'!J20 -> 171250
... A26: February 2028 | B26: 18 | C26: 248680 | D26: March 2028 | E26: 18 | F26: ='Cash Flow Version 2'!J25 -> 102750
D27: April 2028 | E27: 19 | F27: ='Cash Flow Version 2'!J26 -> 239750
B28: less deposit | C28: -190000 | E28: less deposit | F28: ='Cash Flow Version 2'!J27 -> -200000
B29: TOTAL SUM (HOUSE ONLY) | C29: =SUM(C8:C28) -> 2763120 | E29: TOTAL SUM (HOUSE ONLY) | F29: =SUM(F8:F28) -> 3425000

Sheet DIV 1 GC
A1: 01.000 | B1: GENERAL CONDITIONS
A3: 1.12 | B3: Superintendent
D5: PROJECT DURATION - MONTHS | E5: APPROX. HOURS/DAY | F5: HOURS/WEEK | G5: RATE/HOUR | H5: COST/WEEK | I5: PROJECT DURATION - WEEKS | J5: TOTAL
C6: minimal supervision at start 3 wks | D6: 16 | E6: 3 | F6: 15 | G6: 85 | H6: =G6*F6 -> 1275 | I6: 55 | J6: =I6*H6 -> 70125
A8: 1.17 | B8: Travel/Pickup/Deliveries
B10: Rates updated March 2026 | I10: TOTAL | J10: =SUM(J12:J12) -> 3000
E12: Labor | G12: 50 | H12: 60 | I12: HR | J12: =G12*H12 -> 3000
A14: 1.205 | B14: MUD Fees
B16: Rates updated March 2026 (based on Schachne) | F16: TOTAL | G16: =SUM(G18:G20) -> 4350
B18: 1" Capital Facilities Charge (Impact Fee) | E18: 1 | F18: 3200 | G18: =F18*E18 -> 3200
B19: 1" Meter Install | E19: 1 | F19: 500 | G19: =F19*E19 -> 500
B20: Water Tap | E20: 1 | F20: 650 | G20: =F20*E20 -> 650
A22: 1.214 | B22: Bldg. Permit
B24: Rates updated March 2026 | I24: TOTAL | J24: 0
B26: City of Omaha
B27: https://permits.cityofomaha.org/fees
B28: $1.00-$2,000 | D28: 41 | H28: 0 | I28: 41 | J28: =I28*H28 -> 0
B30: $2,000-$25,000 | D30: $41.00 for first $2,000, plus $9.53 for each additional $1,000 | H30: 0 | I30: 41 | J30: =I30*H30 -> 0
H31: 0 | I31: 9.53 | J31: =I31*H31 -> 0
B33: $25,001-$50,000 | D33: $260.19 for first $25,000, plus $6.44 for each additional $1,000 | H33: 0 | I33: 260.19 | J33: =I33*H33 -> 0
H34: 0 | I34: 6.44 | J34: =I34*H34 -> 0
B36: $50,001-$100,000 | D36: $421.19 for first $50,000, plus $3.19 for each additional $1,000 | H36: 0 | I36: 421.19 | J36: =I36*H36 -> 0
H37: 0 | I37: 3.19 | J37: =I37*H37 -> 0
B39: $100,001-$500,000 | D39: $580.69 for first $100,000, plus $2.78 for each additional $1,000 | H39: 0 | I39: 580.69 | J39: =I39*H39 -> 0
H40: 0 | I40: 2.78 | J40: =I40*H40 -> 0
B42: $500,001-$1,000,000 | D42: $1,692.69 for first $500,000, plus $2.37 for each additional $1,000 | H42: 0 | I42: 1692.69 | J42: =I42*H42 -> 0
H43: 0 | I43: 2.37 | J43: =I43*H43 -> 0
B45: $1,000,001 and up | D45: $2877.69 for first $1,000,000, plus $1.96 for each additional $1,000 | H45: 0 | I45: 1000000 | J45: =I45*H45 -> 0
H46: 0 | I46: 1.96 | J46: =I46*H46 -> 0
B48: City of Blair
B49: https://www.blairne.gov/DocumentCenter/View/52/Building-Permit-and-Zoning-Fees-PDF
B50: Finished SF (not including finished basement) | E50: 0 | F50: * | G50: 102 | H50: =G50*E50 -> 0
B51: Finished Basement SF | E51: 0 | F51: * | G51: 62 | H51: =G51*E51 -> 0
B52: Unfinished Basement SF | E52: 0 | F52: * | G52: 32 | H52: =G52*E52 -> 0
B53: Garage SF | E53: 0 | F53: * | G53: 30 | H53: =G53*E53 -> 0
H54: =SUM(H50:H53) -> 0
G55: Multiply by .006 | H55: 0.006
G56: Total | H56: =H54*H55 -> 0
A58: 1.23 | B58: Builders Risk
I60: TOTAL | J60: =SUM(J62:J63) -> 0
B62: Builders Risk (0.144/100 cost) | G62: 0 | H62: 0.144 | J62: =G62*H62 -> 0
B63: Misc. | G63: 0 | J63: =G63*H63 -> 0
A65: 1.235 | B65: General Liability
I67: TOTAL | J67: =SUM(J69:J71) -> 0
B69: Liability (2.77/1000 cost) | G69: 0 | H69: 2.77 | J69: =G69*H69 -> 0
B70: Bond | G70: 0 | J70: =G70*H70 -> 0
B71: Misc. | G71: 0 | J71: =G71*H71 -> 0
A73: 1.452 | B73: Testing/Inspections
I75: TOTAL | J75: =SUM(J77:J78) -> 0
B77: Soil Testing | G77: 0 | H77: 1500 | J77: =G77*H77 -> 0
B78: Call back after excavation for visual inspection | G78: 0 | H78: 200 | J78: =G78*H78 -> 0
A80: 1.454 | B80: Mockups
I82: TOTAL | J82: =SUM(J84:J85) -> 2250
E84: Labor | G84: 25 | H84: 60 | I84: HR | J84: =G84*H84 -> 1500
E85: Materials | G85: 1 | H85: 500 | I85: EA | J85: 750
A87: 1.501 | B87: Temporary Utilities
B89: Rates updated March 2026 | I89: TOTAL | J89: =SUM(J91:J98) -> 7968.8
B91: Temp Power Service | D91: OPPD | G91: 15 | H91: 150 | I91: /MONTH | J91: =G91*H91 -> 2250
B92: Temp Gas / Water Service | D92: MUD | G92: 12 | H92: 250 | I92: /MONTH | J92: =G92*H92 -> 3000
B94: Temp Heat for Interior | D94: Labor / Material | G94: 1 | H94: 350 | I94: ALLOWANCE | J94: =G94*H94 -> 350
B95: Temp Heat for Exterior | D95: Labor / Material | G95: 1 | H95: 400 | I95: ALLOWANCE | J95: =G95*H95 -> 400
B97: Portable Toilet | D97: Eagle Services | F97: Monthly Charge (includes tax) | G97: 15 | H97: =120*1.07 -> 128.4 | I97: /MONTH | J97: =G97*H97 -> 1926
F98: Delivery & Pickup (inlcudes tax) | G98: 2 | H98: =20*1.07 -> 21.4 | I98: /MONTH | J98: =G98*H98 -> 42.8
A100: 1.538 | B100: Technology
B102: Rates updated March 2026 | I102: TOTAL | J102: =SUM(J104) -> 1200
F104: Equipment | G104: 1 | H104: 1200 | I104: /JOB | J104: =G104*H104 -> 1200
A106: 1.54 | B106: Equipment (Forklift/Skid Loader)
B108: Rates updated March 2026 | I108: TOTAL | J108: =SUM(J110) -> 1750
F110: Equipment | G110: 1 | H110: 1750 | I110: /JOB | J110: =G110*H110 -> 1750
A112: 1.56 | B112: Temporary Barries/Enclosures
B114: Rates updated March 2026 | I114: TOTAL | J114: =SUM(J116:J118) -> 3150
E116: Material | G116: 1 | H116: 750 | I116: EA | J116: =G116*H116 -> 750
E117: Labor | F117: (2 guys at $60/hr) | G117: 20 | H117: 120 | I117: HR | J117: =G117*H117 -> 2400
E118: Subcontract | G118: 0 | H118: 4500 | I118: EA | J118: =G118*H118 -> 0
A120: 1.578 | B120: Site Maintenance
B122: Rates updated March 2026 | I122: TOTAL | J122: =SUM(J124:J125) -> 900
B124: Snow Removal | E124: Labor | G124: 5 | H124: 60 | I124: HR | J124: =G124*H124 -> 300
B125: Mowing/Spraying/Weedeating | E125: Labor | G125: 10 | H125: 60 | I125: HR | J125: =G125*H125 -> 600
A127: 1.74 | B127: Cleaning & Waste Management
B129: Rates updated March 2026 | I129: TOTAL | J129: =SUM(J131:J138) -> 22125
D131: Interim Clean | E131: Labor | F131: 3 hrs/week | G131: 170 | H131: 60 | I131: HR | J131: =G131*H131 -> 10200
D132: Final Clean | E132: Labor | G132: 0 | H132: 60 | I132: HR | J132: =G132*H132 -> 0
D134: Final Clean | E134: Subcontract | G134: 1 | H134: 4800 | I134: EA | J134: =G134*H134 -> 4800
D135: Window Clean | E135: Subcontract | F135: 2-story | G135: 0 | H135: 1200 | I135: EA | J135: =G135*H135 -> 0
D136: Window Clean | E136: Subcontract | F136: Ranch | G136: 0 | H136: 750 | I136: EA | J136: =G136*H136 -> 0
D138: Dumpsters | E138: Other | F138: S2 | G138: 19 | H138: 375 | I138: /MONTH | J138: =G138*H138 -> 7125
D139: Excludes drywall in phase
A141: 1.81 | B141: Warranties
B143: Warranty Historical | E143: Own | F143: McNeil | G143: 2700000 | H143: 0.006 | I143: /TOTAL/COST | J143: =G143*H143 -> 16200
A145: 1.83 | B145: Small Tools/Supply/Rent
B147: Rates updated March 2026 | I147: TOTAL | J147: =SUM(J149:J151) -> 2175
F149: Tools/Supplies | G149: 1 | H149: 2000 | I149: /JOB | J149: =G149*H149 -> 2000
F150: Floor Sander | G150: 1 | H150: 175 | I150: /JOB | J150: =G150*H150 -> 175
F151: Other Equipment | G151: 0 | H151: 250 | I151: /JOB | J151: =G151*H151 -> 0
A153: 1.84 | B153: Punchlist
B155: Rates updated March 2026 | I155: TOTAL | J155: =SUM(J157) -> 2250
F157: Labor | G157: 1 | H157: 2250 | I157: /JOB | J157: =G157*H157 -> 2250

Sheet DIV 2 EXIST. COND.
A1: 02.000 | B1: EXISTING CONDITIONS
A3: 2.01 | B3: Demolition
E5: Company | F5: Company | G5: Company | H5: Company
A6: Base Bid | E6: 0 | F6: 0 | G6: 0 | H6: 0
A7: 1
A8: 2
A9: 3
A10: 4
A11: 5
A12: 6
A13: 7
A14: 8
A15: 9
A16: 10
D17: TOTAL | E17: =SUM(E6:E16) -> 0 | F17: =SUM(F6:F16) -> 0 | G17: =SUM(G6:G16) -> 0 | H17: =SUM(H6:H16) -> 0

Sheet DIV 3 CONCRETE
A1: 03.000 | B1: CONCRETE
A3: 3.3 | B3: Footings/Foundations
E5: Company | F5: Company | G5: Company | H5: Company
A6: Base Bid | E6: 0 | F6: 0 | G6: 0 | H6: 0
A7: 1
A8: 2
A9: 3
A10: 4
A11: 5
A12: 6
A13: 7
A14: 8
A15: 9
A16: 10
D17: TOTAL | E17: =SUM(E6:E16) -> 0 | F17: =SUM(F6:F16) -> 0 | G17: =SUM(G6:G16) -> 0 | H17: =SUM(H6:H16) -> 0
A19: 3.32 | B19: Interior Concrete Flatwork
E21: Company | F21: Company | G21: Company | H21: Company
A22: Base Bid | E22: 0 | F22: 0 | G22: 0 | H22: 0
A23: 1
A24: 2
A25: 3
A26: 4
A27: 5
A28: 6
A29: 7
A30: 8
A31: 9
A32: 10
D33: TOTAL | E33: =SUM(E22:E32) -> 0 | F33: =SUM(F22:F32) -> 0 | G33: =SUM(G22:G32) -> 0 | H33: =SUM(H22:H32) -> 0
A35: Unit Rate Estimate - rates updated March of 2026
A36: Lower Level Slab | C36: 0 | D36: sf
A37: Garage Slab | C37: 0 | D37: sf
C38: =SUM(C36:C37) -> 0 | D38: sf
A40: MATERIAL
A41: Poly (LL & GARAGE SLAB SF x 1.15 = sf) | E41: 0 | F41: 0.075 | G41: SF | H41: =E41*F41 -> 0
A42: Lower Level Slab Granular (LL SF x .33ft x 1.25 / 18 = tons) | E42: 0 | F42: 22 | G42: TON | H42: =E42*F42 -> 0
A43: Garage Slab Granular (GARAGE SF x .33ft x 1.25 / 18 = tons) | E43: 0 | F43: 22 | G43: TON | H43: =E43*F43 -> 0
A44: Additive (Xypex for water impermeable) | E44: 0 | F44: 131.85 | G44: BOX | H44: =E44*F44 -> 0
A45: Expansion Joints at Walls | D45: ls | E45: 0 | F45: 125 | G45: EA | H45: =E45*F45 -> 0
A47: SUBCONTRACTOR
A48: Lower Level Slab | E48: 0 | F48: 6.75 | G48: SF | H48: =E48*F48 -> 0
A49: Poly install | E49: 0 | F49: 0.35 | G49: SF | H49: =E49*F49 -> 0
A50: Step Down (form charge) | E50: 0 | F50: 10 | G50: LF | H50: =E50*F50 -> 0
A51: Garage Slab | E51: 0 | F51: 6.75 | G51: SF | H51: =E51*F51 -> 0
A52: Saw Cut slabs | E52: 0 | F52: 0.05 | G52: SF | H52: =E52*F52 -> 0
A53: Grading | E53: 0 | F53: 0.25 | G53: SF | H53: =E53*F53 -> 0
A54: Pump charge | E54: 0 | F54: 1700 | G54: EA | H54: =E54*F54 -> 0
A55: Cure & Seal | E55: 0 | F55: 0.12 | G55: SF | H55: =E55*F55 -> 0
G56: TOTAL | H56: =SUM(H41:H55) -> 0

Sheet DIV 4 MASONRY
A1: 04.000 | B1: MASONRY
A3: 4.21 | B3: Brick / Precast Sills & Caps
E5: Company | F5: Company | G5: Company | H5: Company
A6: Base Bid | E6: 0 | F6: 0 | G6: 0 | H6: 0
A7: 1
A8: 2
A9: 3
A10: 4
A11: 5
A12: 6
A13: 7
A14: 8
A15: 9
A16: 10
D17: TOTAL | E17: =SUM(E6:E16) -> 0 | F17: =SUM(F6:F16) -> 0 | G17: =SUM(G6:G16) -> 0 | H17: =SUM(H6:H16) -> 0
A19: OLD CAROLINA TYRON HMOS | I19: WILLIAMSBURG CHERRY OR WELLINGTON
A20: Unit Rate Estimate - rates updated March of 2026 | I20: Unit Rate Estimate - rates updated March of 2026
A21: Brick (Modular) | C21: 1600 | D21: SF | E21: 4.5 | F21: =C21*E21 -> 7200 | G21: brick ea | I21: Brick (Modular) | K21: 1600 | L21: SF | M21: 4.5 | N21: =K21*M21 -> 7200 | O21: brick ea
A22: Soldiers/Rowblocks | C22: =175+100 -> 275 | D22: LF | E22: 3.5 | F22: =C22*E22 -> 962.5 | G22: brick ea | I22: Soldiers/Rowblocks | K22: =175+100 -> 275 | L22: LF | M22: 3.5 | N22: =K22*M22 -> 962.5 | O22: brick ea
A23: Approx. per 292lf | E23: RAW QTY BRICK | F23: =SUM(F21:F22) -> 8162.5 | G23: brick ea | I23: Approx. per 292lf | M23: RAW QTY BRICK | N23: =SUM(N21:N22) -> 8162.5 | O23: brick ea
E24: 12% WASTE FACTOR | F24: =F23*0.12 -> 979.5 | G24: brick ea | M24: 12% WASTE FACTOR | N24: =N23*0.12 -> 979.5 | O24: brick ea
E25: TOTAL | F25: =SUM(F23:F24) -> 9142 | G25: brick ea | M25: TOTAL | N25: =SUM(N23:N24) -> 9142 | O25: brick ea
A27: *adjust brick/cube quantity based on brick size | E27: Qty of Full Cubes | F27: 344 | G27: brick/cube | I27: *adjust brick/cube quantity based on brick size | M27: Qty of Full Cubes | N27: 416 | O27: brick/cube
E28: TOTAL | F28: =F25/F27 -> 26.575581 | G28: total cubes | M28: TOTAL | N28: =N25/N27 -> 21.975962 | O28: total cubes
A30: Per Laura at Watkins:
A31: 125 brick/bag of masonry for this product
A32: premix mortar - 35-40 brick/bag on modular / 30-32 brick per bag oversize
A34: MATERIAL | I34: MATERIAL
A35: Brick (modular) | C35: 344brick/cube x 27 cubes | E35: 9288 | F35: 2.45 | G35: =E35*F35 -> 22755.6 | I35: Brick (modular) | K35: 416brick/cube x 22 cubes | M35: 9152 | N35: 0.53 | O35: =M35*N35 -> 4850.56
A36: Brick (solids) | E36: 0 | F36: 1.5 | G36: =E36*F36 -> 0 | I36: Brick (solids) | M36: 0 | N36: 1.5 | O36: =M36*N36 -> 0
A37: premix mortar (colored) | C37: 9288/30 + waste | E37: 325 | F37: 14.45 | G37: =E37*F37 -> 4696.25 | I37: premix mortar (colored) | K37: 9142/30 | M37: 325 | N37: 14.45 | O37: =M37*N37 -> 4696.25
A38: premix mortar (standard gray) | E38: 0 | F38: 9.5 | G38: =E38*F38 -> 0 | I38: premix mortar (standard gray) | M38: 0 | N38: 9.5 | O38: =M38*N38 -> 0
A39: Masonry Cement | C39: 7 bags/M | E39: 0 | F39: 11 | G39: =E39*F39 -> 0 | I39: Masonry Cement | K39: 7 bags/M | M39: 0 | N39: 11 | O39: =M39*N39 -> 0
A40: Portland Cement | C40: 1 bag/5 of masonry | E40: 0 | F40: 14 | G40: =E40*F40 -> 0 | I40: Portland Cement | K40: 1 bag/5 of masonry | M40: 0 | N40: 14 | O40: =M40*N40 -> 0
A41: Sand | C41: 3 to 1 by weight | E41: 0 | F41: 15 | G41: =E41*F41 -> 0 | I41: Sand | K41: 3 to 1 by weight | M41: 0 | N41: 15 | O41: =M41*N41 -> 0
A42: Weep Holes | C42: approx. every 3lf | D42: 260lf/3 | E42: 100 | F42: 0.65 | G42: =E42*F42 -> 65 | I42: Weep Holes | K42: approx. every 3lf | M42: 100 | N42: 0.65 | O42: =M42*N42 -> 65
A43: Nervastral | C43: 12"x150'/roll | D43: 260/150 | E43: 2 | F43: 90 | G43: =E43*F43 -> 180 | I43: Nervastral | K43: 12"x150'/roll | M43: 2 | N43: 90 | O43: =M43*N43 -> 180
A44: SureKlean #600 detergent | C44: 600sf/gallon | D44: 1600/600 | E44: 3 | F44: 25 | G44: =E44*F44 -> 75 | I44: SureKlean #600 detergent | K44: 600sf/gallon | L44: 1600/600 | M44: 3 | N44: 25 | O44: =M44*N44 -> 75
A45: Ties | C45: .10 ties per brick | E45: 930 | F45: 0.35 | G45: =E45*F45 -> 325.5 | I45: Ties | K45: .10 ties per brick | M45: 930 | N45: 0.35 | O45: =M45*N45 -> 325.5
A46: 1" Mortar Net | E46: 0 | F46: 2.4 | G46: =E46*F46 -> 0 | I46: 1" Mortar Net | M46: 0 | N46: 2.4 | O46: =M46*N46 -> 0
A47: Misc. Tools | E47: 1 | F47: 250 | G47: =E47*F47 -> 250 | I47: Misc. Tools | M47: 1 | N47: 250 | O47: =M47*N47 -> 250
A48: Pallet charge | E48: 27 | F48: 28 | G48: =E48*F48 -> 756 | I48: Pallet charge | M48: 27 | N48: 28 | O48: =M48*N48 -> 756
A49: freight/delivery | E49: 3 | F49: 150 | G49: =E49*F49 -> 450 | I49: freight/delivery | M49: 3 | N49: 150 | O49: =M49*N49 -> 450
F50: SUBTOTAL | G50: =SUM(G35:G49) -> 29553.35 | N50: SUBTOTAL | O50: =SUM(O35:O49) -> 11648.31
F51: 7% TAX | G51: =G50*0.07 -> 2068.7345 | N51: 7% TAX | O51: =O50*0.07 -> 815.3817
F52: TOTAL | G52: =SUM(G50:G51) -> 31622.085 | N52: TOTAL | O52: =SUM(O50:O51) -> 12463.692
A54: 4.22 | B54: Concrete Masonry Units (Blockwork)
E56: Company | F56: Company | G56: Company | H56: Company
A57: Base Bid | E57: 0 | F57: 0 | G57: 0 | H57: 0
A58: 1
A59: 2
A60: 3
A61: 4
A62: 5
A63: 6
A64: 7
A65: 8
A66: 9
A67: 10
D68: TOTAL | E68: =SUM(E57:E67) -> 0 | F68: =SUM(F57:F67) -> 0 | G68: =SUM(G57:G67) -> 0 | H68: =SUM(H57:H67) -> 0
A70: 4.43 | B70: Stone Masonry / Precast Sills & Caps
E72: Baltazar | F72: Precast | G72: Company | H72: Company
A73: Base Bid | E73: =G128 -> 25117.876 | G73: 0 | H73: 0
A74: 1 | B74: Artisan Stone | F74: 13132
A75: 2 | B75: Dreamcast (outdoor fireplace surround) | F75: 4308
A76: 3
A77: 4
A78: 5
A79: 6
A80: 7
A81: 8
A82: 9
A83: 10
D84: TOTAL | E84: =SUM(E73:E83) -> 25117.876 | F84: =SUM(F73:F83) -> 17440 | G84: =SUM(G73:G83) -> 0 | H84: =SUM(H73:H83) -> 0
I85: OPTION - MORE THIN STONE, LESS FULL BED DEPTH
A86: Unit Rate Estimate - rates updated March of 2026 | I86: Unit Rate Estimate - rates updated March of 2026
A87: Thin Stone Flats | C87: 341 | D87: SF | E87: 12% waste factor | F87: =C87*1.12 -> 381.92 | G87: stone sf | I87: Thin Stone Flats | K87: 341 | L87: SF | M87: 12% waste factor | N87: =K87*1.12 -> 381.92 | O87: stone sf
A88: Thin Stone Corners | C88: 52 | D88: LF | E88: 12% waste factor | F88: =C88*1.12 -> 58.24 | G88: stone lf | I88: Thin Stone Corners | K88: 52 | L88: LF | M88: 12% waste factor | N88: =K88*1.12 -> 58.24 | O88: stone lf
A89: Approx. per 292lf | E89: TOTAL | F89: =SUM(F87:F88) -> 440.16 | G89: stone sf | I89: Approx. per 292lf | M89: TOTAL | N89: =SUM(N87:N88) -> 440.16 | O89: stone sf
A91: Full Bed Depth Stone | C91: 782 | D91: SF | E91: 12% waste factor | F91: =C91*1.12 -> 875.84 | G91: stone sf | I91: Full Bed Depth Stone | K91: 782 | L91: SF | M91: 12% waste factor | N91: =K91*1.12 -> 875.84 | O91: stone sf
A92: Approx. per 292lf | E92: TOTAL | F92: =SUM(F91) -> 875.84 | G92: stone sf | I92: Approx. per 292lf | M92: TOTAL | N92: =SUM(N91) -> 875.84 | O92: stone sf
E94: Approximate ton qty | F94: 40 | G94: sf/ton | M94: Approximate ton qty | N94: 40 | O94: sf/ton
E95: TOTAL | F95: =F92/F94 -> 21.896 | G95: tons | M95: TOTAL | N95: =N92/N94 -> 21.896 | O95: tons
A97: per Laura at Watkins: | I97: per Laura at Watkins:
A98: thin stone mortar coverage - Promix 70lb bag is 15sf/bag for joints; 7sf/bag for scratch coat | I98: thin stone mortar coverage - Promix 70lb bag is 15sf/bag for joints; 7sf/bag for scratch coat
A99: full bed depth stone mortar coverage - depends on stone size, but 7-10sf/bag gets close | I99: full bed depth stone mortar coverage - depends on stone size, but 7-10sf/bag gets close
A100: german schmear style mortar coverage - depends on heaviness of schmear | I100: german schmear style mortar coverage - depends on heaviness of schmear
A101: approximate sf/ton for full bed depth stone - 38-40sf/ton | I101: approximate sf/ton for full bed depth stone - 38-40sf/ton
A103: MATERIAL | I103: MATERIAL
A104: Thin Stone Flats | C104: $/sf | E104: 382 | F104: 10.45 | G104: =E104*F104 -> 3991.9 | I104: Thin Stone Flats | K104: $/sf | M104: 382 | N104: 10.45 | O104: =M104*N104 -> 3991.9
A105: Thin Stone Corners | C105: $/each | E105: 58 | F105: 14 | G105: =E105*F105 -> 812 | I105: Thin Stone Corners | K105: $/each | M105: 58 | N105: 14 | O105: =M105*N105 -> 812
A106: Full Bed Depth Stone | C106: $/ton | D106: 876/40 | E106: 22 | F106: 650 | G106: =E106*F106 -> 14300 | I106: Full Bed Depth Stone | K106: $/ton | L106: 876/40 | M106: 22 | N106: 650 | O106: =M106*N106 -> 14300
A107: Premix Mortar (colored) | D107: 876/7 | E107: 125 | F107: 14.45 | G107: =E107*F107 -> 1806.25 | I107: Premix Mortar (colored) | L107: 876/7 | M107: 125 | N107: 14.45 | O107: =M107*N107 -> 1806.25
A108: Premix Mortar (colored) | D108: 400/15 | E108: 30 | F108: 14.45 | G108: =E108*F108 -> 433.5 | I108: Premix Mortar (colored) | L108: 400/15 | M108: 30 | N108: 14.45 | O108: =M108*N108 -> 433.5
A109: Premix Mortar (standard gray) | E109: 0 | F109: 13.8 | G109: =E109*F109 -> 0 | I109: Premix Mortar (standard gray) | M109: 0 | N109: 13.8 | O109: =M109*N109 -> 0
A110: Scratch coat mortar | D110: 400/7 | E110: 60 | F110: 13.8 | G110: =E110*F110 -> 828 | I110: Scratch coat mortar | L110: 400/7 | M110: 60 | N110: 13.8 | O110: =M110*N110 -> 828
A111: Metal Lathe | C111: 27"x96", assume 16sf with overlap | E111: 25 | F111: 14.1 | G111: =E111*F111 -> 352.5 | I111: Metal Lathe | K111: 27"x96", assume 16sf with overlap | M111: 25 | N111: 14.1 | O111: =M111*N111 -> 352.5
A112: Felt | C112: 200sf/roll | D112: 400/200 | E112: 2 | F112: 35 | G112: =E112*F112 -> 70 | I112: Felt | K112: 200sf/roll | L112: 400/200 | M112: 2 | N112: 35 | O112: =M112*N112 -> 70
A113: Lathe Bottom Weep Screed | C113: assume 10' | E113: 4 | F113: 17 | G113: =E113*F113 -> 68 | I113: Lathe Bottom Weep Screed | K113: assume 10' | M113: 4 | N113: 17 | O113: =M113*N113 -> 68
A114: Rainscreen, Keene | C114: 4'x65' (260sf) | D114: 1260/260 | E114: 5 | F114: 10 | G114: =E114*F114 -> 50 | I114: Rainscreen, Keene | K114: 4'x65' (260sf) | L114: 1260/260 | M114: 5 | N114: 10 | O114: =M114*N114 -> 50
...

Sheet DIV 5 METAL
A1: 05.000 | B1: METAL
A3: 5.12 | B3: Strucutural Steel - Material
E5: Company | F5: Company | G5: Company | H5: Company
A6: Base Bid | E6: 0 | F6: 0 | G6: 0 | H6: 0
A7: 1
A8: 2
A9: 3
A10: 4
A11: 5
A12: 6
A13: 7
A14: 8
A15: 9
A16: 10
D17: TOTAL | E17: =SUM(E6:E16) -> 0 | F17: =SUM(F6:F16) -> 0 | G17: =SUM(G6:G16) -> 0 | H17: =SUM(H6:H16) -> 0
A19: 5.528 | B19: Metal Interior Railing
E21: Company | F21: Company | G21: Company | H21: Company
A22: Base Bid | E22: 0 | F22: 0 | G22: 0 | H22: 0
A23: 1
A24: 2
A25: 3
A26: 4
A27: 5
A28: 6
A29: 7
A30: 8
A31: 9
A32: 10
D33: TOTAL | E33: =SUM(E22:E32) -> 0 | F33: =SUM(F22:F32) -> 0 | G33: =SUM(G22:G32) -> 0 | H33: =SUM(H22:H32) -> 0
A35: 5.53 | B35: Exterior Deck Railing
E37: Company | F37: Company | G37: Company | H37: Company
A38: Base Bid | E38: 0 | F38: 0 | G38: 0 | H38: 0
A39: 1
A40: 2
A41: 3
A42: 4
A43: 5
A44: 6
A45: 7
A46: 8
A47: 9
A48: 10
D49: TOTAL | E49: =SUM(E38:E48) -> 0 | F49: =SUM(F38:F48) -> 0 | G49: =SUM(G38:G48) -> 0 | H49: =SUM(H38:H48) -> 0
A51: 5.7 | B51: Decorative Metal
E53: Company | F53: Company | G53: Company | H53: Company
A54: Base Bid | E54: 0 | F54: 0 | G54: 0 | H54: 0
A55: 1
A56: 2
A57: 3
A58: 4
A59: 5
A60: 6
A61: 7
A62: 8
A63: 9
A64: 10
D65: TOTAL | E65: =SUM(E54:E64) -> 0 | F65: =SUM(F54:F64) -> 0 | G65: =SUM(G54:G64) -> 0 | H65: =SUM(H54:H64) -> 0

Sheet DIV 6 CARPENTRY
A1: 06.000 | B1: CARPENTRY
A3: 6.11 | B3: Wood Framing
E5: Company | F5: Company | G5: Company | H5: Company
A6: Base Bid | E6: 0 | F6: 0 | G6: 0 | H6: 0
A7: 1
A8: 2
A9: 3
A10: 4
A11: 5
A12: 6
A13: 7
A14: 8
A15: 9
A16: 10
D17: TOTAL | E17: =SUM(E6:E16) -> 0 | F17: =SUM(F6:F16) -> 0 | G17: =SUM(G6:G16) -> 0 | H17: =SUM(H6:H16) -> 0
A19: 6.15 | B19: Wood Decks
E21: Company | F21: Company | G21: Company | H21: Company
A22: Base Bid | E22: 0 | F22: 0 | G22: 0 | H22: 0
A23: 1
A24: 2
A25: 3
A26: 4
A27: 5
A28: 6
A29: 7
A30: 8
A31: 9
A32: 10
D33: TOTAL | E33: =SUM(E22:E32) -> 0 | F33: =SUM(F22:F32) -> 0 | G33: =SUM(G22:G32) -> 0 | H33: =SUM(H22:H32) -> 0
A35: 6.38 | B35: Cabinetry
E37: Company | F37: Company | G37: Company | H37: Company
A38: Main Level
B39: Location | C39: ALLOWANCE | D39: *MATERIAL
B40: Location | C40: ALLOWANCE | D40: *MATERIAL
B41: Location | C41: ALLOWANCE | D41: *MATERIAL
B42: Location | C42: ALLOWANCE | D42: *MATERIAL
B43: Location | C43: ALLOWANCE | D43: *MATERIAL
B44: Location | C44: ALLOWANCE | D44: *MATERIAL
B45: Location | C45: ALLOWANCE | D45: *MATERIAL
B46: Location | C46: ALLOWANCE | D46: *MATERIAL
B47: Location | C47: ALLOWANCE | D47: *MATERIAL
A49: Lower Level
B50: Location | C50: ALLOWANCE | D50: *MATERIAL
B51: Location | C51: ALLOWANCE | D51: *MATERIAL
B52: Location | C52: ALLOWANCE | D52: *MATERIAL
A54: Upper Level
B55: Location | C55: ALLOWANCE | D55: *MATERIAL
B56: Location | C56: ALLOWANCE | D56: *MATERIAL
B57: Location | C57: ALLOWANCE | D57: *MATERIAL
A58: 1
A59: 2
A60: 3
A61: 4
A62: 5
A63: 6
A64: 7
A65: 8
A66: 9
A67: 10
D68: TOTAL | E68: =SUM(E57:E67) -> 0 | F68: =SUM(F57:F67) -> 0 | G68: =SUM(G57:G67) -> 0 | H68: =SUM(H57:H67) -> 0
A70: 6.442 | B70: Exterior Brackets/Timbers
E72: Company | F72: Company | G72: Company | H72: Company
A73: Base Bid | E73: 0 | F73: 0 | G73: 0 | H73: 0
A74: 1
A75: 2
A76: 3
A77: 4
A78: 5
A79: 6
A80: 7
A81: 8
A82: 9
A83: 10
D84: TOTAL | E84: =SUM(E73:E83) -> 0 | F84: =SUM(F73:F83) -> 0 | G84: =SUM(G73:G83) -> 0 | H84: =SUM(H73:H83) -> 0
A86: 6.46 | B86: Wood Interior Trim
E88: Company | F88: Company | G88: Company | H88: Company
A89: Base Bid | E89: 0 | F89: 0 | G89: 0 | H89: 0
A90: 1
A91: 2
A92: 3
A93: 4
A94: 5
A95: 6
A96: 7
A97: 8
A98: 9
A99: 10
D100: TOTAL | E100: =SUM(E89:E99) -> 0 | F100: =SUM(F89:F99) -> 0 | G100: =SUM(G89:G99) -> 0 | H100: =SUM(H89:H99) -> 0
A102: Unit Rate Estimate
B103: DESCRIPTION | D103: SPECIES | E103: QTY | F103: UNIT PRICE | G103: SUBTOTAL | H103: NOTES
B104: BASE AND CASING
B105: 2 1/2" Casing SEC-085 | D105: Poplar | E105: =(135*8)+(105*10)+(6*12)+(7*14) -> 2300 | F105: 1.41 | G105: =E105*F105 -> 3243 | H105: (135) 8', (105) 10', (6) 12', (7) 14'
B106: 4" Base SEB-252 | D106: Poplar | E106: 320 | F106: 2.11 | G106: =E106*F106 -> 675.2
B107: 6" Base SEB-252 | D107: Poplar | E107: 740 | F107: 3.06 | G107: =E107*F107 -> 2264.4
B108: PVC Base - Azek (Garage) | E108: 115 | F108: 7 | G108: =E108*F108 -> 805
B109: Base Shoe | D109: Poplar | E109: 600 | F109: 0.98 | G109: =E109*F109 -> 588
B110: Base Shoe | D110: Beech | E110: 200 | F110: 1.12 | G110: =E110*F110 -> 224
B111: Window Jamb Extensions 1X10 | D111: Poplar | E111: =(10*8)+(5*10)+(2*14) -> 158 | F111: 6.71 | G111: =E111*F111 -> 1060.18 | H111: (10) 8', (5) 10', (2) 14'
B113: BEAMS
B114: Industrial Board (structure) | E114: 1 | F114: 500 | G114: =F114*E114 -> 500
...

Sheet DIV 7 MOISTURE PROTECTION
A1: 07.000 | B1: MOISTURE/THERMAL PROTECTION
A3: 7.13 | B3: Waterproofing/Passive Radon/Termite Treatment
E5: Company | F5: Company | G5: Company | H5: Company
A6: Base Bid | E6: 0 | F6: 0 | G6: 0 | H6: 0
A7: 1
A8: 2
A9: 3
A10: 4
A11: 5
A12: 6
A13: 7
A14: 8
A15: 9
A16: 10
D17: TOTAL | E17: =SUM(E6:E16) -> 0 | F17: =SUM(F6:F16) -> 0 | G17: =SUM(G6:G16) -> 0 | H17: =SUM(H6:H16) -> 0
A19: 7.21 | B19: Insulation
E21: Company | F21: Company | G21: Company | H21: Company
A22: Base Bid | E22: 0 | F22: 0 | G22: 0 | H22: 0
A23: 1
A24: 2
A25: 3
A26: 4
A27: 5
A28: 6
A29: 7
A30: 8
A31: 9
A32: 10
D33: TOTAL | E33: =SUM(E22:E32) -> 0 | F33: =SUM(F22:F32) -> 0 | G33: =SUM(G22:G32) -> 0 | H33: =SUM(H22:H32) -> 0
A35: 7.25 | B35: Stucco System
E37: Company | F37: Company | G37: Company | H37: Company
A38: Base Bid | E38: 0 | F38: 0 | G38: 0 | H38: 0
A39: 1
A40: 2
A41: 3
A42: 4
A43: 5
A44: 6
A45: 7
A46: 8
A47: 9
A48: 10
D49: TOTAL | E49: =SUM(E38:E48) -> 0 | F49: =SUM(F38:F48) -> 0 | G49: =SUM(G38:G48) -> 0 | H49: =SUM(H38:H48) -> 0
A51: 7.3 | B51: Roofing
E53: Company | F53: Company | G53: Company | H53: Company
A54: Base Bid | E54: 0 | F54: 0 | G54: 0 | H54: 0
A55: 1
A56: 2
A57: 3
A58: 4
A59: 5
A60: 6
A61: 7
A62: 8
A63: 9
A64: 10
D65: TOTAL | E65: =SUM(E54:E64) -> 0 | F65: =SUM(F54:F64) -> 0 | G65: =SUM(G54:G64) -> 0 | H65: =SUM(H54:H64) -> 0
A67: 7.455 | B67: Siding
E69: Company | F69: Company | G69: Company | H69: Company
A70: Base Bid | E70: 0 | F70: 0 | G70: 0 | H70: 0
A71: 1
A72: 2
A73: 3
A74: 4
A75: 5
A76: 6
A77: 7
A78: 8
A79: 9
A80: 10
D81: TOTAL | E81: =SUM(E70:E80) -> 0 | F81: =SUM(F70:F80) -> 0 | G81: =SUM(G70:G80) -> 0 | H81: =SUM(H70:H80) -> 0
A83: 7.469 | B83: Exterior Carsiding
E85: Company | F85: Company | G85: Company | H85: Company
A86: Base Bid | E86: 0 | F86: 0 | G86: 0 | H86: 0
A87: 1
A88: 2
A89: 3
A90: 4
A91: 5
A92: 6
A93: 7
A94: 8
A95: 9
A96: 10
D97: TOTAL | E97: =SUM(E86:E96) -> 0 | F97: =SUM(F86:F96) -> 0 | G97: =SUM(G86:G96) -> 0 | H97: =SUM(H86:H96) -> 0
A99: 7.6 | B99: Flashing/Brickledge
E101: Company | F101: Company | G101: Company | H101: Company
A102: Base Bid | E102: 0 | F102: 0 | G102: 0 | H102: 0
A103: 1
A104: 2
A105: 3
A106: 4
A107: 5
A108: 6
A109: 7
A110: 8
A111: 9
A112: 10
D113: TOTAL | E113: =SUM(E102:E112) -> 0 | F113: =SUM(F102:F112) -> 0 | G113: =SUM(G102:G112) -> 0 | H113: =SUM(H102:H112) -> 0
A115: 7.63 | B115: Gutters/Downspouts
...

Sheet DIV 8 OPENINGS
A1: 08.000 | B1: OPENINGS
A3: 8.14 | B3: Interior Wood Doors
E5: Company | F5: Company | G5: Company | H5: Company
A6: Base Bid | E6: 0 | F6: 0 | G6: 0 | H6: 0
A7: 1
A8: 2
A9: 3
A10: 4
A11: 5
A12: 6
A13: 7
A14: 8
A15: 9
A16: 10
D17: TOTAL | E17: =SUM(E6:E16) -> 0 | F17: =SUM(F6:F16) -> 0 | G17: =SUM(G6:G16) -> 0 | H17: =SUM(H6:H16) -> 0
A19: 8.178 | B19: Front Door
E21: Company | F21: Company | G21: Company | H21: Company
A22: Base Bid | E22: 0 | F22: 0 | G22: 0 | H22: 0
A23: 1
A24: 2
A25: 3
A26: 4
A27: 5
A28: 6
A29: 7
A30: 8
A31: 9
A32: 10
D33: TOTAL | E33: =SUM(E22:E32) -> 0 | F33: =SUM(F22:F32) -> 0 | G33: =SUM(G22:G32) -> 0 | H33: =SUM(H22:H32) -> 0
A35: 8.184 | B35: Pet Door
E37: Company | F37: Company | G37: Company | H37: Company
A38: Base Bid | E38: 0 | F38: 0 | G38: 0 | H38: 0
A39: 1
A40: 2
A41: 3
A42: 4
A43: 5
A44: 6
A45: 7
A46: 8
A47: 9
A48: 10
D49: TOTAL | E49: =SUM(E38:E48) -> 0 | F49: =SUM(F38:F48) -> 0 | G49: =SUM(G38:G48) -> 0 | H49: =SUM(H38:H48) -> 0
A51: 8.385 | B51: Garage Doors
E53: Company | F53: Company | G53: Company | H53: Company
A54: Base Bid | E54: 0 | F54: 0 | G54: 0 | H54: 0
A55: 1
A56: 2
A57: 3
A58: 4
A59: 5
A60: 6
A61: 7
A62: 8
A63: 9
A64: 10
D65: TOTAL | E65: =SUM(E54:E64) -> 0 | F65: =SUM(F54:F64) -> 0 | G65: =SUM(G54:G64) -> 0 | H65: =SUM(H54:H64) -> 0
A67: 8.5 | B67: Windows
E69: Company | F69: Company | G69: Company | H69: Company
A70: Base Bid | E70: 0 | F70: 0 | G70: 0 | H70: 0
A71: 1
A72: 2
A73: 3
A74: 4
A75: 5
A76: 6
A77: 7
A78: 8
A79: 9
A80: 10
D81: TOTAL | E81: =SUM(E70:E80) -> 0 | F81: =SUM(F70:F80) -> 0 | G81: =SUM(G70:G80) -> 0 | H81: =SUM(H70:H80) -> 0
A83: 8.6 | B83: Roof Windows/Skylights/Sun Tunnel
E85: Company | F85: Company | G85: Company | H85: Company
A86: Base Bid | E86: 0 | F86: 0 | G86: 0 | H86: 0
A87: 1
A88: 2
A89: 3
A90: 4
A91: 5
A92: 6
A93: 7
A94: 8
A95: 9
A96: 10
D97: TOTAL | E97: =SUM(E86:E96) -> 0 | F97: =SUM(F86:F96) -> 0 | G97: =SUM(G86:G96) -> 0 | H97: =SUM(H86:H96) -> 0
A99: 8.817 | B99: Mirrors/Glass Inserts/Shower Doors
E101: Company | F101: Company | G101: Company | H101: Company
A102: Main Level
B103: Location | C103: ALLOWANCE | D103: TYPE
B104: Location | C104: ALLOWANCE | D104: TYPE
B105: Location | C105: ALLOWANCE | D105: TYPE
B106: Location | C106: ALLOWANCE | D106: TYPE
B107: Location | C107: ALLOWANCE | D107: TYPE
B108: Location | C108: ALLOWANCE | D108: TYPE
B109: Location | C109: ALLOWANCE | D109: TYPE
B110: Location | C110: ALLOWANCE | D110: TYPE
B111: Location | C111: ALLOWANCE | D111: TYPE
A113: Lower Level
B114: Location | C114: ALLOWANCE | D114: TYPE
B115: Location | C115: ALLOWANCE | D115: TYPE
...

Sheet DIV 9 FINISHES
A1: 09.000 | B1: FINISHES
A3: 9.2 | B3: Drywall
E5: Company | F5: Company | G5: Company | H5: Company
A6: Base Bid | E6: 0 | F6: 0 | G6: 0 | H6: 0
A7: 1
A8: 2
A9: 3
A10: 4
A11: 5
A12: 6
A13: 7
A14: 8
A15: 9
A16: 10
D17: TOTAL | E17: =SUM(E6:E16) -> 0 | F17: =SUM(F6:F16) -> 0 | G17: =SUM(G6:G16) -> 0 | H17: =SUM(H6:H16) -> 0
A19: 9.3 | B19: Tile
B21: Floor Tile
I23: TOTAL | J23: =J25+J32+J39+J47+J54 -> 41605
B25: Kitchen | J25: =SUM(J26:J31) -> 5125
B26: raw area - 112sf + waste | E26: Tile Material | F26: ALLOWANCE | G26: 140 | H26: 12 | I26: SF | J26: =G26*H26 -> 1680
B27: say 140sf order | E27: Labor/Setting Materials | F27: ALLOWANCE | G27: 140 | H27: 22.5 | I27: SF | J27: =G27*H27 -> 3150
E28: Delivery | F28: ALLOWANCE | G28: 1 | H28: 100 | I28: EA | J28: =G28*H28 -> 100
E29: Sealer | F29: ALLOWANCE | G29: 130 | H29: 1.5 | I29: SF | J29: =G29*H29 -> 195
E30: Self Leveling | F30: ALLOWANCE | G30: 0 | H30: 5 | I30: SF | J30: =G30*H30 -> 0
B32: Laundry | J32: =SUM(J33:J38) -> 2555
B33: raw area - 62sf + waste | E33: Tile Material | F33: ALLOWANCE | G33: 80 | H33: 10 | I33: SF | J33: =G33*H33 -> 800
B34: say 80sf order | E34: Labor/Setting Materials | F34: ALLOWANCE | G34: 80 | H34: 21 | I34: SF | J34: =G34*H34 -> 1680
E35: Delivery | F35: ALLOWANCE | G35: 1 | H35: 75 | I35: EA | J35: =G35*H35 -> 75
E36: Sealer | F36: ALLOWANCE | G36: 0 | H36: 1.5 | I36: SF | J36: =G36*H36 -> 0
E37: Self Leveling | F37: ALLOWANCE | G37: 0 | H37: 5 | I37: SF | J37: =G37*H37 -> 0
B39: Master Bath | J39: =SUM(J40:J46) -> 7330
B40: raw area - 103sf + waste | E40: Tile Material | F40: ALLOWANCE | G40: 130 | H40: 15 | I40: SF | J40: =G40*H40 -> 1950
B41: say 130sf order | E41: Labor/Setting Materials | F41: ALLOWANCE | G41: 120 | H41: 22.5 | I41: SF | J41: =G41*H41 -> 2700
E42: Delivery | F42: ALLOWANCE | G42: 1 | H42: 100 | I42: EA | J42: =G42*H42 -> 100
E43: Sealer | F43: ALLOWANCE | G43: 120 | H43: 1.5 | I43: SF | J43: =G43*H43 -> 180
E44: Self Leveling | F44: ALLOWANCE | G44: 0 | H44: 5 | I44: SF | J44: =G44*H44 -> 0
E45: In-Floor Heat | F45: ALLOWANCE | G45: 120 | H45: 20 | I45: SF | J45: =G45*H45 -> 2400
B47: Lower Level Billiards, Hall, Bath 2, Storage Closet | J47: =SUM(J48:J53) -> 24540
B48: raw area - 653sf + waste | E48: Tile Material | F48: ALLOWANCE | G48: 760 | H48: 10 | I48: SF | J48: =G48*H48 -> 7600
B49: say 760sf | E49: Labor/Setting Materials | F49: ALLOWANCE | G49: 720 | H49: 21 | I49: SF | J49: =G49*H49 -> 15120
E50: Delivery | F50: ALLOWANCE | G50: 1 | H50: 300 | I50: EA | J50: =G50*H50 -> 300
E51: Sealer | F51: ALLOWANCE | G51: 0 | H51: 1.5 | I51: SF | J51: =G51*H51 -> 0
E52: Anti-fracture Membrane | F52: ALLOWANCE | G52: 760 | H52: 2 | I52: SF | J52: =G52*H52 -> 1520
B54: Lower Level Bath 3 | J54: =SUM(J55:J60) -> 2055
B55: raw area - 46sf + waste | E55: Tile Material | F55: ALLOWANCE | G55: 60 | H55: 10 | I55: SF | J55: =G55*H55 -> 600
B56: say 60sf | E56: Labor/Setting Materials | F56: ALLOWANCE | G56: 60 | H56: 21 | I56: SF | J56: =G56*H56 -> 1260
E57: Delivery | F57: ALLOWANCE | G57: 1 | H57: 75 | I57: EA | J57: =G57*H57 -> 75
E58: Sealer | F58: ALLOWANCE | G58: 0 | H58: 1.5 | I58: SF | J58: =G58*H58 -> 0
E59: Anti-fracture Membrane | F59: ALLOWANCE | G59: 60 | H59: 2 | I59: SF | J59: =G59*H59 -> 120
B61: Backsplash & Wall Tile
I63: TOTAL | J63: =J65+J72+J79+J86 -> 6325
B65: Service Entry Hooks Wall | J65: =SUM(J66:J71) -> 1750
B66: 28sf + waste | E66: Field Tile | F66: ALLOWANCE | G66: 40 | H66: 20 | I66: SF | J66: =G66*H66 -> 800
B67: say 40sf to order
E68: Labor/Setting Materials | F68: ALLOWANCE | G68: 30 | H68: 30 | I68: SF | J68: =G68*H68 -> 900
E69: Delivery | F69: ALLOWANCE | G69: 1 | H69: 50 | I69: EA | J69: =G69*H69 -> 50
E70: Sealer / Caulk | F70: ALLOWANCE | G70: 0 | H70: 1.5 | I70: SF | J70: =G70*H70 -> 0
B72: Kitchen - Hood Wall Above Slab Splash | J72: =SUM(J73:J78) -> 1500
B73: 20sf + waste = 25sf | E73: Field Tile | F73: ALLOWANCE | G73: 25 | H73: 20 | I73: SF | J73: =G73*H73 -> 500
E74: Deco | F74: ALLOWANCE | G74: 1 | H74: 150 | I74: EA | J74: =G74*H74 -> 150
E75: Labor/Setting Materials | F75: ALLOWANCE | G75: 25 | H75: 32 | I75: SF | J75: =G75*H75 -> 800
E76: Delivery | F76: ALLOWANCE | G76: 1 | H76: 50 | I76: EA | J76: =G76*H76 -> 50
E77: Sealer / Caulk | F77: ALLOWANCE | G77: 0 | H77: 1.5 | I77: SF | J77: =G77*H77 -> 0
B79: Pantry Backsplash | J79: =SUM(J80:J85) -> 985
B80: 14sf + waste = 18sf | E80: Field Tile | F80: ALLOWANCE | G80: 18 | H80: 15 | I80: SF | J80: =G80*H80 -> 270
E81: Deco | F81: ALLOWANCE | G81: 1 | H81: 125 | I81: EA | J81: =G81*H81 -> 125
E82: Labor/Setting Materials | F82: ALLOWANCE | G82: 18 | H82: 30 | I82: SF | J82: =G82*H82 -> 540
E83: Delivery | F83: ALLOWANCE | G83: 1 | H83: 50 | I83: EA | J83: =G83*H83 -> 50
E84: Sealer / Caulk | F84: ALLOWANCE | G84: 0 | H84: 1.5 | I84: SF | J84: =G84*H84 -> 0
B86: LL Bar Backsplash | J86: =SUM(J87:J92) -> 2090
B87: 36sf + waste = 45sf | E87: Field Tile | F87: ALLOWANCE | G87: 45 | H87: 12 | I87: SF | J87: =G87*H87 -> 540
E88: Deco | F88: ALLOWANCE | G88: 1 | H88: 150 | I88: EA | J88: =G88*H88 -> 150
E89: Labor/Setting Materials | F89: ALLOWANCE | G89: 45 | H89: 30 | I89: SF | J89: =G89*H89 -> 1350
E90: Delivery | F90: ALLOWANCE | G90: 1 | H90: 50 | I90: EA | J90: =G90*H90 -> 50
E91: Sealer / Caulk | F91: ALLOWANCE | G91: 0 | H91: 1.5 | I91: SF | J91: =G91*H91 -> 0
B94: Shower/Tub Tile
I96: TOTAL | J96: =J98+J112+J125 -> 27424
B98: Primary Shower | J98: =SUM(J99:J111) -> 16340
B99: 183sf + waste = 230sf | E99: Field Tile | F99: ALLOWANCE | G99: 230 | H99: 13.5 | I99: SF | J99: =G99*H99 -> 3105
E100: Deco Tile | F100: ALLOWANCE | G100: 1 | H100: 550 | I100: EA | J100: =G100*H100 -> 550
B101: 30sf + waste = 40sf | E101: Ceiling Tile | F101: ALLOWANCE | G101: 40 | H101: 13.5 | I101: SF | J101: =G101*H101 -> 540
B102: 30sf + waste = 40sf | E102: Floor Tile | F102: ALLOWANCE | G102: 40 | H102: 18.5 | I102: SF | J102: =G102*H102 -> 740
B103: 25lf + waste = 32lf | E103: Bullnose | F103: ALLOWANCE | G103: 32 | H103: 15 | I103: EA | J103: =G103*H103 -> 480
E104: Labor/Setting Materials | F104: ALLOWANCE | G104: =G99+G101 -> 270 | H104: 22.5 | I104: SF | J104: =G104*H104 -> 6075
E105: Miter Outside Corners - Addt'l Cost | F105: ALLOWANCE | G105: 0 | H105: 300 | I105: EA | J105: =G105*H105 -> 0
E106: Labor - install seat, shelves, jamb and curb | F106: ALLOWANCE | G106: 1 | H106: 1200 | I106: EA | J106: =G106*H106 -> 1200
E107: Labor - floor | F107: ALLOWANCE | G107: 40 | H107: 85 | I107: SF | J107: =G107*H107 -> 3400
E108: Tile Drain | F108: ALLOWANCE | G108: 1 | H108: 150 | I108: EA | J108: =G108*H108 -> 150
E109: Sealer/Caulk | F109: ALLOWANCE | G109: 0 | H109: 1.5 | I109: SF | J109: =G109*H109 -> 0
E110: Delivery | F110: ALLOWANCE | G110: 1 | H110: 100 | I110: EA | J110: =G110*H110 -> 100
B112: Bath 2 | J112: =SUM(J113:J124) -> 5798
B113: 96sf + waste = 120sf | E113: Field Tile | F113: ALLOWANCE | G113: 120 | H113: 10 | I113: SF | J113: =G113*H113 -> 1200
E114: Deco Tile | F114: ALLOWANCE | G114: 1 | H114: 400 | I114: EA | J114: =G114*H114 -> 400
B115: 15sf + waste = 19sf | E115: Ceiling Tile | F115: ALLOWANCE | G115: 19 | H115: 10 | I115: SF | J115: =G115*H115 -> 190
B116: 15sf + waste = 19sf | E116: Floor Tile | F116: ALLOWANCE | G116: fiberglass base | H116: 15 | I116: SF | J116: 0
B117: 23lf + waste = 30lf | E117: Bullnose | F117: ALLOWANCE | G117: 30 | H117: 15 | I117: EA | J117: =G117*H117 -> 450
E118: Labor/Setting Materials | F118: ALLOWANCE | G118: =G113+G115 -> 139 | H118: 22 | I118: SF | J118: =G118*H118 -> 3058
E119: Labor - install shelves | F119: ALLOWANCE | G119: 1 | H119: 400 | I119: EA | J119: =G119*H119 -> 400
E120: Labor - floor | F120: ALLOWANCE | G120: fiberglass base | H120: 85 | I120: SF | J120: 0
E121: Tile Drain | F121: ALLOWANCE | G121: 0 | H121: 150 | I121: EA | J121: =G121*H121 -> 0
...

Sheet DIV 10 SPECIALTIES
A1: 10.000 | B1: SPECIALTIES
A3: 10.05 | B3: Finish Hardware Allowance
B5: Cabinet Hardware
B6: POWDER BATH | D6: DOORS/DRAWERS | F6: 2 | G6: 15 | H6: =F6*G6 -> 30
B8: SERVICE ENTRY | D8: DOORS/DRAWERS | F8: 10 | G8: 12 | H8: =F8*G8 -> 120
D9: HOOKS | F9: 6 | G9: 35 | H9: =F9*G9 -> 210
B11: PRIMARY BATH | D11: DOORS/DRAWERS | F11: 25 | G11: 15 | H11: =F11*G11 -> 375
B13: PRIMARY WARDROBE | D13: DOORS/DRAWERS | F13: 24 | G13: 12 | H13: =F13*G13 -> 288
B15: GATHERING ROOM | D15: DOORS/DRAWERS | F15: 6 | G15: 15 | H15: =F15*G15 -> 90
B17: KITCHEN ISLAND | D17: DOORS/DRAWERS | F17: 22 | G17: 18 | H17: =F17*G17 -> 396
D18: APPLIANCE PULLS | F18: 2 | G18: 350 | H18: =F18*G18 -> 700
B20: KITCHEN | D20: DOORS/DRAWERS | F20: 34 | G20: 18 | H20: =F20*G20 -> 612
D21: APPLIANCE PULLS | F21: 3 | G21: 350 | H21: =F21*G21 -> 1050
B23: PANTRY | D23: OPEN SHELVES
B25: LOUNGE | D25: DOORS/DRAWERS | F25: 15 | G25: 18 | H25: =G25*F25 -> 270
D26: APPLIANCE PULLS | F26: 2 | G26: 200 | H26: =G26*F26 -> 400
B28: LAUNDRY | D28: DOORS/DRAWERS | F28: 25 | G28: 10 | H28: =F28*G28 -> 250
B30: OFFICE | D30: DOORS/DRAWERS | F30: 20 | G30: 12 | H30: =F30*G30 -> 240
B32: BATHROOM 2 | D32: DOORS/DRAWERS | F32: 7 | G32: 10 | H32: =G32*F32 -> 70
B34: BATHROOM 3 | D34: DOORS/DRAWERS | F34: 10 | G34: 10 | H34: =G34*F34 -> 100
B36: LL BAR | D36: DOORS/DRAWERS | F36: 23 | G36: 12 | H36: =G36*F36 -> 276
B38: LL FAMILY ROOM | D38: DOORS/DRAWERS | F38: 6 | G38: 12 | H38: =G38*F38 -> 72
B40: GARAGE | D40: DOORS/DRAWERS | F40: 11 | G40: 10 | H40: =G40*F40 -> 110
B42: OUTDOOR | D42: DOORS/DRAWERS | F42: 4 | G42: 10 | H42: =G42*F42 -> 40
G43: SUBTOTAL | H43: =SUM(H6:H42) -> 5699
G44: FREIGHT | H44: 100
G45: 7% TAX | H45: =(H43+H44)*0.07 -> 405.93
G46: TOTAL | H46: =SUM(H43:H45) -> 6204.93
B48: Door Hardware
B49: LOCATION | F49: QTY | G49: UNIT COST | H49: SUBTOTAL
B50: Lower Level
B51: DOOR LEVERS (PASSAGE/PRIVACY) | E51: Emtek | F51: 11 | G51: 190 | H51: =F51*G51 -> 2090
B52: DUMMIES | E52: Emtek | F52: 0 | G52: 185 | H52: =F52*G52 -> 0
B53: POCKET DOOR | E53: Emtek | F53: 0 | G53: 275 | H53: =F53*G53 -> 0
B54: 3 1/2" HINGES - per pair | F54: 17 | G54: 14 | H54: =F54*G54 -> 238
B55: 4" HINGES - per pair | F55: 0 | G55: 18 | H55: =F55*G55 -> 0
B56: HINGE DOOR STOP | F56: 6 | G56: 10 | H56: =F56*G56 -> 60
B57: BASE DOOR STOP | F57: 8 | G57: 15 | H57: =F57*G57 -> 120
B59: Main Level
B60: FRONT DOOR HARDWARE | F60: 1 | G60: 650 | H60: =F60*G60 -> 650
B61: PATIO - MULTIPOINT | E61: Emtek | F61: 0 | G61: 575 | H61: =F61*G61 -> 0
B62: DOOR LEVERS (PASSAGE/PRIVACY) | E62: Emtek | F62: 7 | G62: 190 | H62: =F62*G62 -> 1330
B63: DEADBOLTS (AT GARAGE) | E63: Emtek | F63: 1 | G63: 100 | H63: =F63*G63 -> 100
B64: DUMMIES | E64: Emtek | F64: 2 | G64: 185 | H64: =F64*G64 -> 370
B65: POCKET DOOR | E65: Emtek | F65: 5 | G65: 275 | H65: =F65*G65 -> 1375
B66: FLUSH BOLT @ OFFICE | F66: 2 | G66: 75 | H66: =F66*G66 -> 150
B67: SUMP CLOSET KNOBS | F67: 1 | G67: 25 | H67: =F67*G67 -> 25
B68: 3 1/2" HINGES - per pair | F68: 0 | G68: 14 | H68: =F68*G68 -> 0
B69: 4" HINGES - per pair | F69: 18 | G69: 18 | H69: =F69*G69 -> 324
B70: SPRING HINGE | F70: 2 | G70: 45 | H70: =F70*G70 -> 90
B71: HINGE DOOR STOP | F71: 6 | G71: 10 | H71: =F71*G71 -> 60
B72: BASE DOOR STOP | F72: 6 | G72: 15 | H72: =F72*G72 -> 90
B73: FLOOR STOP | F73: 1 | G73: 50 | H73: =F73*G73 -> 50
G74: SUBTOTAL | H74: =SUM(H51:H73) -> 7122
G75: FREIGHT | H75: 100
G76: 7% TAX | H76: =(H74+H75)*0.07 -> 505.54
G77: TOTAL | H77: =SUM(H74:H76) -> 7727.54
B79: Bath Accessories - PER BRIGGS QUOTE
B80: POWDER BATH
D81: TOILET PAPER HOLDERS | F81: 0 | G81: 75 | H81: =F81*G81 -> 0
D82: TOWEL RINGS | F82: 0 | G82: 75 | H82: =F82*G82 -> 0
B83: PRIMARY BATH
D84: TOILET PAPER HOLDERS | F84: 0 | G84: 75 | H84: =F84*G84 -> 0
D85: TOWEL BARS | F85: 0 | G85: 100 | H85: =F85*G85 -> 0
D86: TOWEL RINGS | F86: 0 | G86: 75 | H86: =F86*G86 -> 0
D87: ROBE HOOKS | F87: 0 | G87: 35 | H87: =F87*G87 -> 0
B88: BATHROOM
D89: TOILET PAPER HOLDERS | F89: 0 | G89: 75 | H89: =F89*G89 -> 0
D90: TOWEL BAR | F90: 0 | G90: 100 | H90: =F90*G90 -> 0
D91: TOWEL RINGS | F91: 0 | G91: 75 | H91: =F91*G91 -> 0
D92: ROBE HOOKS | F92: 0 | G92: 35 | H92: =F92*G92 -> 0
B93: BATHROOM
D94: TOILET PAPER HOLDERS | F94: 0 | G94: 75 | H94: =F94*G94 -> 0
D95: TOWEL BARS | F95: 0 | G95: 100 | H95: =F95*G95 -> 0
D96: TOWEL RINGS | F96: 0 | G96: 75 | H96: =F96*G96 -> 0
D97: ROBE HOOKS | F97: 0 | G97: 35 | H97: =F97*G97 -> 0
B98: BATHROOM
D99: TOILET PAPER HOLDERS | F99: 0 | G99: 75 | H99: =F99*G99 -> 0
D100: TOWEL BARS | F100: 0 | G100: 100 | H100: =F100*G100 -> 0
D101: TOWEL RINGS | F101: 0 | G101: 75 | H101: =F101*G101 -> 0
D102: ROBE HOOKS | F102: 0 | G102: 35 | H102: =F102*G102 -> 0
G103: SUBTOTAL | H103: =SUM(H81:H102) -> 0
G104: FREIGHT | H104: 0
G105: 7% TAX | H105: 0
G106: PER BRIGGS QUOTE - TOTAL | H106: 1240
G108: TOTAL ALL ACCESSORIES | H108: =H106+H77+H46 -> 15172.47
G109: TOTAL LABOR | H109: 5200
A111: 10.14 | B111: Address Numbers
E113: Company | F113: Company | G113: Company | H113: Company
A114: Base Bid | E114: 0 | F114: 0 | G114: 0 | H114: 0
A115: 1
A116: 2
A117: 3
A118: 4
A119: 5
A120: 6
A121: 7
A122: 8
A123: 9
A124: 10
...

Sheet DIV 11 EQUIPMENT
A1: 11.000 | B1: EQUIPMENT
A3: 11.302 | B3: Appliances Allowance
E5: Company | F5: Company | G5: Company | H5: Company
A6: Base Bid | E6: 0 | F6: 0 | G6: 0 | H6: 0
A7: 1
A8: 2
A9: 3
A10: 4
A11: 5
A12: 6
A13: 7
A14: 8
A15: 9
A16: 10
D17: TOTAL | E17: =SUM(E6:E16) -> 0 | F17: =SUM(F6:F16) -> 0 | G17: =SUM(G6:G16) -> 0 | H17: =SUM(H6:H16) -> 0
A19: 11.52 | B19: TV's Allowance
E21: Company | F21: Company | G21: Company | H21: Company
A22: Base Bid | E22: 0 | F22: 0 | G22: 0 | H22: 0
A23: 1
A24: 2
A25: 3
A26: 4
A27: 5
A28: 6
A29: 7
A30: 8
A31: 9
A32: 10
D33: TOTAL | E33: =SUM(E22:E32) -> 0 | F33: =SUM(F22:F32) -> 0 | G33: =SUM(G22:G32) -> 0 | H33: =SUM(H22:H32) -> 0
A35: 11.66 | B35: Athletic Equipment
E37: Company | F37: Company | G37: Company | H37: Company
A38: Base Bid | E38: 0 | F38: 0 | G38: 0 | H38: 0
A39: 1
A40: 2
A41: 3
A42: 4
A43: 5
A44: 6
A45: 7
A46: 8
A47: 9
A48: 10
D49: TOTAL | E49: =SUM(E38:E48) -> 0 | F49: =SUM(F38:F48) -> 0 | G49: =SUM(G38:G48) -> 0 | H49: =SUM(H38:H48) -> 0
A51: 11.678 | B51: Game Room Equipment (Golf Simulator)
E53: Company | F53: Company | G53: Company | H53: Company
A54: Base Bid | E54: 0 | F54: 0 | G54: 0 | H54: 0
A55: 1
A56: 2
A57: 3
A58: 4
A59: 5
A60: 6
A61: 7
A62: 8
A63: 9
A64: 10
D65: TOTAL | E65: =SUM(E54:E64) -> 0 | F65: =SUM(F54:F64) -> 0 | G65: =SUM(G54:G64) -> 0 | H65: =SUM(H54:H64) -> 0

Sheet DIV 12 FURNISHINGS
A1: 12.000 | B1: FURNISHINGS
A3: 12.17 | B3: Art Glass
E5: Company | F5: Company | G5: Company | H5: Company
A6: Base Bid | E6: 0 | F6: 0 | G6: 0 | H6: 0
A7: 1
A8: 2
A9: 3
A10: 4
A11: 5
A12: 6
A13: 7
A14: 8
A15: 9
A16: 10
D17: TOTAL | E17: =SUM(E6:E16) -> 0 | F17: =SUM(F6:F16) -> 0 | G17: =SUM(G6:G16) -> 0 | H17: =SUM(H6:H16) -> 0
A19: 12.2 | B19: Window Treatments
E21: Company | F21: Company | G21: Company | H21: Company
A22: Base Bid | E22: 0 | F22: 0 | G22: 0 | H22: 0
A23: 1
A24: 2
A25: 3
A26: 4
A27: 5
A28: 6
A29: 7
A30: 8
A31: 9
A32: 10
D33: TOTAL | E33: =SUM(E22:E32) -> 0 | F33: =SUM(F22:F32) -> 0 | G33: =SUM(G22:G32) -> 0 | H33: =SUM(H22:H32) -> 0
A35: 12.25 | B35: Motorized Shades
E37: Company | F37: Company | G37: Company | H37: Company
A38: Base Bid | E38: 0 | F38: 0 | G38: 0 | H38: 0
A39: 1
A40: 2
A41: 3
A42: 4
A43: 5
A44: 6
A45: 7
A46: 8
A47: 9
A48: 10
D49: TOTAL | E49: =SUM(E38:E48) -> 0 | F49: =SUM(F38:F48) -> 0 | G49: =SUM(G38:G48) -> 0 | H49: =SUM(H38:H48) -> 0

Sheet DIV 13 SPECIAL CONST.
A1: 13.000 | B1: SPECIAL CONSTRUCTION
A3: 13.112 | B3: Swimming Pool
E5: Company | F5: Company | G5: Company | H5: Company
A6: Base Bid | E6: 0 | F6: 0 | G6: 0 | H6: 0
A7: 1
A8: 2
A9: 3
A10: 4
A11: 5
A12: 6
A13: 7
A14: 8
A15: 9
A16: 10
D17: TOTAL | E17: =SUM(E6:E16) -> 0 | F17: =SUM(F6:F16) -> 0 | G17: =SUM(G6:G16) -> 0 | H17: =SUM(H6:H16) -> 0
A19: 13.174 | B19: Sauna
E21: Company | F21: Company | G21: Company | H21: Company
A22: Base Bid | E22: 0 | F22: 0 | G22: 0 | H22: 0
A23: 1
A24: 2
A25: 3
A26: 4
A27: 5
A28: 6
A29: 7
A30: 8
A31: 9
A32: 10
D33: TOTAL | E33: =SUM(E22:E32) -> 0 | F33: =SUM(F22:F32) -> 0 | G33: =SUM(G22:G32) -> 0 | H33: =SUM(H22:H32) -> 0
A35: 13.26 | B35: Storm Shelter Room(s)
E37: Company | F37: Company | G37: Company | H37: Company
A38: Base Bid | E38: 0 | F38: 0 | G38: 0 | H38: 0
A39: 1
A40: 2
A41: 3
A42: 4
A43: 5
A44: 6
A45: 7
A46: 8
A47: 9
A48: 10
D49: TOTAL | E49: =SUM(E38:E48) -> 0 | F49: =SUM(F38:F48) -> 0 | G49: =SUM(G38:G48) -> 0 | H49: =SUM(H38:H48) -> 0
A51: 13.342 | B51: Screen Porch Systems
E53: Company | F53: Company | G53: Company | H53: Company
A54: Base Bid | E54: 0 | F54: 0 | G54: 0 | H54: 0
A55: 1
A56: 2
A57: 3
A58: 4
A59: 5
A60: 6
A61: 7
A62: 8
A63: 9
A64: 10
D65: TOTAL | E65: =SUM(E54:E64) -> 0 | F65: =SUM(F54:F64) -> 0 | G65: =SUM(G54:G64) -> 0 | H65: =SUM(H54:H64) -> 0

Sheet DIV 14 CONVEYING SYSTEMS
A1: 14.000 | B1: CONVEYING SYSTEMS
A3: 14.05 | B3: Elevators
E5: Company | F5: Company | G5: Company | H5: Company
A6: Base Bid | E6: 0 | F6: 0 | G6: 0 | H6: 0
A7: 1
A8: 2
A9: 3
A10: 4
A11: 5
A12: 6
A13: 7
A14: 8
A15: 9
A16: 10
D17: TOTAL | E17: =SUM(E6:E16) -> 0 | F17: =SUM(F6:F16) -> 0 | G17: =SUM(G6:G16) -> 0 | H17: =SUM(H6:H16) -> 0

Sheet DIV 21 FIRE SUPRESSION
A1: 21.000 | B1: FIRE SUPPRESSION
A3: 21.05 | B3: Fire Suppression
E5: Company | F5: Company | G5: Company | H5: Company
A6: Base Bid | E6: 0 | F6: 0 | G6: 0 | H6: 0
A7: 1
A8: 2
A9: 3
A10: 4
A11: 5
A12: 6
A13: 7
A14: 8
A15: 9
A16: 10
D17: TOTAL | E17: =SUM(E6:E16) -> 0 | F17: =SUM(F6:F16) -> 0 | G17: =SUM(G6:G16) -> 0 | H17: =SUM(H6:H16) -> 0

Sheet DIV 22-23 PLUM-HVAC
A1: 22.000 | B1: PLUMBING
A3: 22.05 | B3: Plumbing
E5: Company | F5: Company | G5: Company | H5: Company
A6: Base Bid | E6: 0 | F6: 0 | G6: 0 | H6: 0
A7: 1
A8: 2
A9: 3
A10: 4
A11: 5
A12: 6
A13: 7
A14: 8
A15: 9
A16: 10
D17: TOTAL | E17: =SUM(E6:E16) -> 0 | F17: =SUM(F6:F16) -> 0 | G17: =SUM(G6:G16) -> 0 | H17: =SUM(H6:H16) -> 0
A19: 22.322 | B19: Water Filtration System
E21: Company | F21: Company | G21: Company | H21: Company
A22: Base Bid | E22: 0 | F22: 0 | G22: 0 | H22: 0
A23: 1
A24: 2
A25: 3
A26: 4
A27: 5
A28: 6
A29: 7
A30: 8
A31: 9
A32: 10
D33: TOTAL | E33: =SUM(E22:E32) -> 0 | F33: =SUM(F22:F32) -> 0 | G33: =SUM(G22:G32) -> 0 | H33: =SUM(H22:H32) -> 0
A35: 22.4 | B35: Plumbing Fixtures Allowance
D37: QUANITITY | E37: UNIT COST | F37: SUBTOTAL
B38: BATHROOM
B39: SINK SS | D39: 0 | E39: 100 | F39: =D39*E39 -> 0
B40: FAUCET | D40: 0 | E40: 250 | F40: =D40*E40 -> 0
B41: TOILET | D41: 0 | E41: 400 | F41: =D41*E41 -> 0
B42: SEAT/TRIP LEVER | D42: 0 | E42: 115 | F42: =D42*E42 -> 0
B43: SHOWER VALVE/TRIM | D43: 0 | E43: 450 | F43: =D43*E43 -> 0
B44: FIBERGLASS SHOWER BASE | D44: 0 | E44: 650 | F44: =D44*E44 -> 0
B46: BAR
B47: SINK | D47: 0 | E47: 450 | F47: =D47*E47 -> 0
B48: FAUCET | D48: 0 | E48: 475 | F48: =D48*E48 -> 0
B49: RO FAUCET | D49: 0 | E49: 400 | F49: =D49*E49 -> 0
B50: AIR SWITCH | D50: 0 | E50: 125 | F50: =D50*E50 -> 0
B51: DISPOSAL | D51: 0 | E51: 175 | F51: =D51*E51 -> 0
B52: BASKET STRAINER | D52: 0 | E52: 70 | F52: =D52*E52 -> 0
B54: KITCHEN
B55: SINK | D55: 0 | E55: 800 | F55: =D55*E55 -> 0
B56: FAUCET | D56: 0 | E56: 500 | F56: =D56*E56 -> 0
B57: RO FAUCET | D57: 0 | E57: 400 | F57: =D57*E57 -> 0
B58: SOAP DISPENSER | D58: 0 | E58: 150 | F58: =D58*E58 -> 0
B59: AIR SWITCH | D59: 0 | E59: 125 | F59: =D59*E59 -> 0
B60: DISPOSAL | D60: 0 | E60: 300 | F60: =D60*E60 -> 0
B61: BASKET STRAINER | D61: 0 | E61: 70 | F61: =D61*E61 -> 0
B62: POT FILLER | D62: 0 | E62: 700 | F62: =D62*E62 -> 0
B64: POWDER BATH
B65: SINK | D65: 0 | E65: 175 | F65: =D65*E65 -> 0
B66: FAUCET | D66: 0 | E66: 400 | F66: =D66*E66 -> 0
B67: TOILET | D67: 0 | E67: 400 | F67: =D67*E67 -> 0
B68: SEAT/TRIP LEVER | D68: 0 | E68: 115 | F68: =D68*E68 -> 0
B70: LAUNDRY
B71: SINK | D71: 0 | E71: 225 | F71: =D71*E71 -> 0
B72: FAUCET | D72: 0 | E72: 200 | F72: =D72*E72 -> 0
B73: BASKET STRAINER | D73: 0 | E73: 70 | F73: =D73*E73 -> 0
B75: PRIMARY BATH
B76: SINK | D76: 0 | E76: 150 | F76: =D76*E76 -> 0
B77: FAUCETS | D77: 0 | E77: 400 | F77: =D77*E77 -> 0
B78: TOILET | D78: 0 | E78: 400 | F78: =D78*E78 -> 0
B79: SEAT/TRIP LEVER | D79: 0 | E79: 115 | F79: =D79*E79 -> 0
B80: BIDET SEAT | D80: 0 | E80: 1000 | F80: =D80*E80 -> 0
B81: SHOWER VALVE/TRIM | D81: 0 | E81: 1250 | F81: =D81*E81 -> 0
B82: WHIRLPOOL TUB | D82: 0 | E82: 4750 | F82: =D82*E82 -> 0
B83: TUB VALVE/FAUCET | D83: 0 | E83: 1000 | F83: =D83*E83 -> 0
B85: GUEST BATH
B86: SINK | D86: 0 | E86: 100 | F86: =D86*E86 -> 0
B87: FAUCET | D87: 0 | E87: 250 | F87: =D87*E87 -> 0
B88: TOILET | D88: 0 | E88: 400 | F88: =D88*E88 -> 0
B89: SEAT/TRIP LEVER | D89: 0 | E89: 115 | F89: =D89*E89 -> 0
B90: SHOWER VALVE/TRIM | D90: 0 | E90: 450 | F90: =D90*E90 -> 0
B91: FIBERGLASS SHOWER BASE | D91: 0 | E91: 650 | F91: =D91*E91 -> 0
E92: SUBTOTAL | F92: =SUM(F38:F91) -> 0
E93: FREIGHT | F93: 0
E94: 7% TAX | F94: =(F92+F93)*0.07 -> 0
E95: TOTAL | F95: =SUM(F92:F94) -> 0
A97: 23.000 | B97: HVAC
A99: 23.05 | B99: HVAC
E101: Company | F101: Company | G101: Company | H101: Company
A102: Base Bid | E102: 0 | F102: 0 | G102: 0 | H102: 0
A103: 1
A104: 2
A105: 3
A106: 4
A107: 5
A108: 6
A109: 7
A110: 8
A111: 9
A112: 10
D113: TOTAL | E113: =SUM(E102:E112) -> 0 | F113: =SUM(F102:F112) -> 0 | G113: =SUM(G102:G112) -> 0 | H113: =SUM(H102:H112) -> 0
A115: 23.4 | B115: Duct Cleaning
E117: Company | F117: Company | G117: Company | H117: Company
...

Sheet DIV 26-28 ELEC. - LV
A1: 26.000 | B1: ELECTRICAL
A3: 26.05 | B3: Electrical Service & Wiring
E5: Company | F5: Company | G5: Company | H5: Company
A6: Base Bid | E6: 0 | F6: 0 | G6: 0 | H6: 0
A7: 1
A8: 2
A9: 3
A10: 4
A11: 5
A12: 6
A13: 7
A14: 8
A15: 9
A16: 10
D17: TOTAL | E17: =SUM(E6:E16) -> 0 | F17: =SUM(F6:F16) -> 0 | G17: =SUM(G6:G16) -> 0 | H17: =SUM(H6:H16) -> 0
A19: 26.41 | B19: Lightning Protection
E21: Company | F21: Company | G21: Company | H21: Company
A22: Base Bid | E22: 0 | F22: 0 | G22: 0 | H22: 0
A23: 1
A24: 2
A25: 3
A26: 4
A27: 5
A28: 6
A29: 7
A30: 8
A31: 9
A32: 10
D33: TOTAL | E33: =SUM(E22:E32) -> 0 | F33: =SUM(F22:F32) -> 0 | G33: =SUM(G22:G32) -> 0 | H33: =SUM(H22:H32) -> 0
A35: 26.505 | B35: Light Fixtures Allowance
B37: *ALLOWANCE UNIT COSTS INCLUDE ALL BULBS
B38: LOCATION | D38: TYPE | F38: QTY | G38: UNIT PRICE | H38: SUBTOTAL
B39: Main Level
B40: FOYER | D40: CEILING MOUNT | F40: 9 | G40: 550 | H40: =F40*G40 -> 4950
B41: FOYER/STAIR | D41: ART LIGHT | F41: 1 | G41: 675 | H41: =F41*G41 -> 675
B42: OFFICE | D42: ART LIGHT | F42: 3 | G42: 675 | H42: =F42*G42 -> 2025
B43: POWDER BATH | D43: WALL MOUNT | F43: 1 | G43: 1200 | H43: =F43*G43 -> 1200
B44: POWDER BATH | D44: CEILING MOUNT | F44: 1 | G44: 2500 | H44: =F44*G44 -> 2500
B45: KITCHEN | D45: PENDANTS | F45: 3 | G45: 1200 | H45: =F45*G45 -> 3600
B46: KITCHEN | D46: WALL MOUNT | F46: 2 | G46: 1200 | H46: =F46*G46 -> 2400
B47: DINING | D47: CEILING MOUNT | F47: 1 | G47: 5000 | H47: =F47*G47 -> 5000
B48: LOUNGE | D48: CEILING MOUNT | F48: 1 | G48: 7500 | H48: =F48*G48 -> 7500
B49: GATHERING ROOM | D49: CANS - by elect. | F49: 0 | G49: 0 | H49: =F49*G49 -> 0
B50: LAUNDRY ROOM | D50: CANS - by elect. | F50: 0 | G50: 0 | H50: =F50*G50 -> 0
B51: PRIMARY BEDROOM | D51: CEILING MOUNT | F51: 1 | G51: 3000 | H51: =F51*G51 -> 3000
... B56: GARAGE | D56: LED - by elect. | F56: 0 | G56: 0 | H56: =F56*G56 -> 0
B58: Lower Level
B59: BATHROOM 2 VANITY | D59: WALL MOUNT | F59: 1 | G59: 750 | H59: =F59*G59 -> 750
B60: BATHROOM 3 VANITY | D60: WALL MOUNT | F60: 1 | G60: 750 | H60: =F60*G60 -> 750
B61: BEDROOM 2 | D61: CANS - by elect. | F61: 0 | G61: 0 | H61: =F61*G61 -> 0
B62: BEDROOM 3 | D62: CANS - by elect. | F62: 0 | G62: 0 | H62: =F62*G62 -> 0
B63: WARDROBE 2 | D63: FLUSH MOUNT - by elect. | F63: 0 | G63: 0 | H63: =F63*G63 -> 0
B64: WARDROBE 3 | D64: FLUSH MOUNT - by elect. | F64: 0 | G64: 0 | H64: =F64*G64 -> 0
B65: FITNESS ROOM | D65: CEILING FAN | F65: 1 | G65: 600 | H65: =F65*G65 -> 600
B66: BILLIARDS | D66: CEILING MOUNT | F66: 3 | G66: 750 | H66: =F66*G66 -> 2250
B67: LL FAMILY ROOM | D67: CANS - by elect. | F67: 0 | G67: 0 | H67: =F67*G67 -> 0
B68: MECHANICAL/STORAGE | D68: LED - by elect. | F68: 0 | G68: 0 | H68: =F68*G68 -> 0
B70: EXTERIOR LIGHTING
B71: FRONT ENTRY | D71: WALL MOUNT | F71: 1 | G71: 1000 | H71: =F71*G71 -> 1000
B72: WALL PIERS | D72: BASE MOUNT | F72: 3 | G72: 1000 | H72: =F72*G72 -> 3000
B73: COVERED PATIO | D73: CEILING FAN | F73: 2 | G73: 750 | H73: =F73*G73 -> 1500
B74: COVERED PATIO | D74: WALL MOUNT | F74: 3 | G74: 750 | H74: =F74*G74 -> 2250
B75: FLOODS | D75: WALL MOUNT - by elect. | F75: 0 | G75: 0 | H75: =F75*G75 -> 0
G76: SUBTOTAL | H76: =SUM(H40:H75) -> 48950
G77: FREIGHT | H77: 0
G78: 7% TAX | H78: =(H76+H77)*0.07 -> 3426.5
G79: TOTAL (INCLUDING BULBS) | H79: =SUM(H76:H78) -> 52376.5
A81: 26.57 | B81: Lighting Control System Allowance
E83: Company | F83: Company | G83: Company | H83: Company
A84: Base Bid | E84: 0 | F84: 0 | G84: 0 | H84: 0
A85: 1
A86: 2
A87: 3
A88: 4
A89: 5
A90: 6
A91: 7
A92: 8
A93: 9
A94: 10
D95: TOTAL | E95: =SUM(E84:E94) -> 0 | F95: =SUM(F84:F94) -> 0 | G95: =SUM(G84:G94) -> 0 | H95: =SUM(H84:H94) -> 0
A97: 27.000 | B97: COMMUNICATIONS
A99: 27.41 | B99: Audio-Visual Systems/Structured Wire/Sound System Allowance
E101: Company | F101: Company | G101: Company | H101: Company
A102: Base Bid | E102: 0 | F102: 0 | G102: 0 | H102: 0
A103: 1
A104: 2
A105: 3
A106: 4
A107: 5
A108: 6
A109: 7
A110: 8
A111: 9
A112: 10
D113: TOTAL | E113: =SUM(E102:E112) -> 0 | F113: =SUM(F102:F112) -> 0 | G113: =SUM(G102:G112) -> 0 | H113: =SUM(H102:H112) -> 0
A115: 28.000 | B115: ELECTRONIC SAFETY & SECURITY
A117: 28.07 | B117: Security System/Fire Protection/Video Surveillance Allowance
E119: Company | F119: Company | G119: Company | H119: Company
A120: Base Bid | E120: 0 | F120: 0 | G120: 0 | H120: 0
...

Sheet DIV 31-32 EARTH-SITE
A1: 31.000 | B1: EARTHWORK
A3: 31.218 | B3: Site Demolition
E5: Company | F5: Company | G5: Company | H5: Company
A6: Base Bid | E6: 0 | F6: 0 | G6: 0 | H6: 0
A7: 1
A8: 2
A9: 3
A10: 4
A11: 5
A12: 6
A13: 7
A14: 8
A15: 9
A16: 10
D17: TOTAL | E17: =SUM(E6:E16) -> 0 | F17: =SUM(F6:F16) -> 0 | G17: =SUM(G6:G16) -> 0 | H17: =SUM(H6:H16) -> 0
A19: 31.23 | B19: Excavation/Fill/Grading/Silt Fence
E21: Company | F21: Company | G21: Company | H21: Company
A22: Base Bid | E22: 0 | F22: 0 | G22: 0 | H22: 0
A23: 1
A24: 2
A25: 3
A26: 4
A27: 5
A28: 6
A29: 7
A30: 8
A31: 9
A32: 10
D33: TOTAL | E33: =SUM(E22:E32) -> 0 | F33: =SUM(F22:F32) -> 0 | G33: =SUM(G22:G32) -> 0 | H33: =SUM(H22:H32) -> 0
A35: 31.26 | B35: Surveying
E37: Company | F37: Company | G37: Company | H37: Company
A38: Base Bid | E38: 0 | F38: 0 | G38: 0 | H38: 0
A39: 1
A40: 2
A41: 3
A42: 4
A43: 5
A44: 6
A45: 7
A46: 8
A47: 9
A48: 10
D49: TOTAL | E49: =SUM(E38:E48) -> 0 | F49: =SUM(F38:F48) -> 0 | G49: =SUM(G38:G48) -> 0 | H49: =SUM(H38:H48) -> 0
A51: 32.000 | B51: EXTERIOR IMPROVEMENTS
A53: 32.13 | B53: Exterior Concrete Flatwork
E55: Company | F55: Company | G55: Company | H55: Company
A56: Base Bid | E56: 0 | F56: 0 | G56: 0 | H56: 0
A57: 1
A58: 2
A59: 3
A60: 4
A61: 5
A62: 6
A63: 7
A64: 8
A65: 9
A66: 10
D67: TOTAL | E67: =SUM(E56:E66) -> 0 | F67: =SUM(F56:F66) -> 0 | G67: =SUM(G56:G66) -> 0 | H67: =SUM(H56:H66) -> 0
A69: Unit Rate Estimate
A70: Driveway | C70: 0 | D70: SF
A71: Front Stoop | C71: 0 | D71: SF
A72: Front Walk | C72: 0 | D72: SF
A73: City Sidewalks | C73: 0 | D73: SF
A74: AC Pads | C74: 0 | D74: SF
A75: Pool Deck | C75: 0 | D75: SF
A76: Rear Patio | C76: 0 | D76: SF
C77: =SUM(C70:C76) -> 0 | D77: SF
A79: MATERIAL
A80: sleeve materials (pvc for under slabs) | D80: 0 | E80: 75 | F80: EA | G80: =D80*E80 -> 0
A81: Granular (SF x .25ft x 1.25 / 18 = X tons) | D81: 0 | E81: 16 | F81: TON | G81: =D81*E81 -> 0
A82: Additive (Xypex for water impermeable) | D82: 0 | E82: 131.85 | F82: BOX | G82: =D82*E82 -> 0
A83: expansion joints at walls | D83: 0 | E83: 150 | F83: EA | G83: =D83*E83 -> 0
A85: SUBCONTRACTOR
A86: Driveway (5" with rebar) | D86: 0 | E86: 0 | F86: SF | G86: =D86*E86 -> 0
A87: Driveway Curb | D87: 0 | E87: 0 | F87: LF | G87: =D87*E87 -> 0
A88: Street Curb Cut | D88: 0 | E88: 0 | F88: SF | G88: =D88*E88 -> 0
A89: Front Walks (4") | D89: 0 | E89: 0 | F89: SF | G89: =D89*E89 -> 0
A90: City Sidewalks (4") | D90: 0 | E90: 0 | F90: SF | G90: =D90*E90 -> 0
A91: Front Stoop | D91: 0 | E91: 800 | F91: EA | G91: =D91*E91 -> 0
A92: Concrete Steps | D92: 0 | E92: 0 | F92: LF | G92: =D92*E92 -> 0
A93: AC Pads (4") | D93: 0 | E93: 0 | F93: SF | G93: =D93*E93 -> 0
A94: Rear Patio (4") | D94: 0 | E94: 0 | F94: SF | G94: =D94*E94 -> 0
A95: Pool Deck (4") | D95: 0 | E95: 0 | F95: SF | G95: =D95*E95 -> 0
A96: Trench Drain | D96: 0 | E96: 0 | F96: LF | G96: =D96*E96 -> 0
A97: Paver inset areas | D97: 0 | E97: 0 | F97: LF | G97: =D97*E97 -> 0
... A102: Sealer (Application of Stifle) | D102: 0 | E102: 0.45 | F102: SF | G102: =D102*E102 -> 0
F103: TOTAL | G103: =SUM(G80:G102) -> 0
A105: 32.142 | B105: Pavers Allowance
E107: Company | F107: Company | G107: Company | H107: Company
A108: Base Bid | E108: 0 | F108: 0 | G108: 0 | H108: 0
A109: 1
A110: 2
A111: 3
A112: 4
A113: 5
A114: 6
A115: 7
A116: 8
A117: 9
A118: 10
...

Sheet DIV 33 UTILITES
A1: 33.000 | B1: UTILITIES
A3: 33.02 | B3: Sewer / Water Utilities
E5: Company | F5: Company | G5: Company | H5: Company
A6: Base Bid | E6: 0 | F6: 0 | G6: 0 | H6: 0
A7: 1
A8: 2
A9: 3
A10: 4
A11: 5
A12: 6
A13: 7
A14: 8
A15: 9
A16: 10
D17: TOTAL | E17: =SUM(E6:E16) -> 0 | F17: =SUM(F6:F16) -> 0 | G17: =SUM(G6:G16) -> 0 | H17: =SUM(H6:H16) -> 0
A19: 33.462 | B19: Underground Buried Drainage
E21: Company | F21: Company | G21: Company | H21: Company
A22: Base Bid | E22: 0 | F22: 0 | G22: 0 | H22: 0
A23: 1
A24: 2
A25: 3
A26: 4
A27: 5
A28: 6
A29: 7
A30: 8
A31: 9
A32: 10
D33: TOTAL | E33: =SUM(E22:E32) -> 0 | F33: =SUM(F22:F32) -> 0 | G33: =SUM(G22:G32) -> 0 | H33: =SUM(H22:H32) -> 0
